Workbook
Name Excel_BuiltIn_Print_Area: 'Custos e Fomação de Preços '!$A$1:$AV$159
Name Excel_BuiltIn_Print_Area: 'II. PCFP Vigilante Diurno'!$A$1:$AF$185
Name Excel_BuiltIn_Print_Area: 'III. PCFP Vigilante Noturno'!$A$1:$AF$185
Name Excel_BuiltIn_Print_Area: 'IV. PCFP Supervisor Diurno'!$A$1:$AF$185
Name Excel_BuiltIn_Print_Area: 'V. PCFP Supervisor Noturno'!$A$1:$AF$185

Sheet Custos e Fomação de Preços 
B2: ANEXO III
B3: PLANILHA DE CUSTOS E FORMAÇÃO DE PREÇOS
B5: Regime Tributário | J5: 1 | K5: =IF(J5=1,"Simples Nacional",IF(J5=2,"Lucro Real",IF(J5=3,"Lucro Presumido","Digite a opção correta"))) -> Simples Nacional | AJ5: Nº Processo
B6: Fator divisão - Base Cálculo | J6: =IF(J5=1,0.9221,IF(J5=2,0.8575,IF(J5=3,0.9135,1))) -> 0.9221 | AJ6: Licitação nº
B8: DISCRIMINAÇÃO DOS SERVIÇOS (DADOS REFERENTES À CONTRATAÇÃO)
B9: A | E9: Data de apresentação da proposta (dia/mês/ano)
B10: B | E10: Município/UF
B11: C | E11: Ano, Acordo, Convenção ou Sentença Normativa em Dissídio Coletivo
B12: D | E12: Nº de meses de execução contratual
B14: IDENTIFICAÇÃO DO SERVIÇO
B15: Tipo de Serviço | M15: Unidade de Medida | X15: Quantidade (total) a contratar (em função da unidade de medida)
B17: Vigilante (44h/semana) | M17: Posto de serviço | X17: 1
B22: ANEXO III-A
B23: MÃO-DE-OBRA VINCULADA À EXECUÇÃO CONTRATUAL
B25: Dados complementares para composição dos custos referente à mão-de-obra | AK25: Valor (R$)
B26: 1 | E26: Tipo de serviço (mesmo serviço com características distintas)
B27: 2 | E27: Salário normativo da categoria profissional
B28: 3 | E28: Categoria profissional (vinculada à execução contratual)
B29: 4 | E29: Data base da categoria (dia/mês/ano)
B31: MÓDULO 1: COMPOSIÇÃO DA REMUNERAÇÃO
B32: 1 | E32: Composição da Remuneração | AE32: % | AK32: Valor (R$)
B33: A | E33: Salário Base | AE33: - | AK33: 900
B34: B | E34: Adicional de periculosidade | AE34: 0.3 | AK34: =ROUND(AK33*AE34,2) -> 270
B35: C | E35: Adicional de insalubridade (10%, 20% ou 40%) | AK35: =ROUND(AK33*AE35,2) -> 0
B36: D | E36: Adicional noturno (20% sobre a hora diurna) (1h = 52'30") | AK36: 0
B37: E | E37: Hora noturna adicional (somente após às 05h00) hora extra (+50%) ou hora normal +20% de adicional | AK37: 0
B38: F | E38: Adicional de hora extra (50%) | AK38: =ROUND(AK33*AE38,2) -> 0
B39: G | E39: Intervalo intrajornada (hora normal +50%) | AK39: 0
B40: H | E40: Outros (especificar) - Conforme a CCT | AK40: 0
B41: Total da Remuneração | AK41: =ROUND(SUM(AK33:AU40),2) -> 1170
B43: MÓDULO 2: BENEFÍCIOS MENSAIS E DIÁRIOS
B44: 2 | E44: Benefícios Mensais e Diários | AK44: Valor (R$)
B45: A | E45: Vale-transporte (Valor do vale transporte x Qtde. vales por dia x Média de dias úteis no mês) - Desconto parte empregado (6% do salário básico) | AK45: 71
B46: B | E46: Auxílio alimentação (vales, cesta básica etc) - Conforme a CCT (Valor do vale alimentação diário x Média de dias úteis no mês) - Desconto parte empregado (20%) | AK46: 220
B47: C | E47: Assistência médica e familiar (Plano de saúde mensal - Desconto parte do empregado) | AK47: 125
B48: D | E48: Auxílio creche ((Valor mensal do auxílio-creche x meses de concessão x Incidência de ocorrência) / Meses do ano) | AK48: 1.17
B49: E | E49: Seguro de vida, invalidez e funeral (Valor do seguro de vida / Meses do ano) | AK49: 91.67
B50: F | E50: Outros (especificar) (Auxílio-funeral) [Valor do auxílio funeral X Incidência de ocorrência) ÷ Nº de meses do ano] | AK50: 0.9
B51: Total de benefícios mensais e diários | AK51: =ROUND(SUM(AK45:AU50),2) -> 509.74
B53: MÓDULO 3: INSUMOS DIVERSOS
B54: 3 | E54: Insumos Diversos | AK54: Valor (R$)
B55: A | E55: Uniformes [(Valor anual do uniforme / Meses do ano) + 2% de perdas] | AE55: IGPM, INPC ... | AK55: 27.2
B56: B | E56: Materiais (Valor anual de materiais e produtos / Meses do ano) | AE56: IGPM, INPC ... | AK56: 165
B57: C | E57: Equipamentos (Custo dos equipamentos / Vida útil em meses) | AE57: IGPM, INPC ... | AK57: 20
B58: D | E58: Outros (espcificar) | AE58: IGPM, INPC ... | AK58: 0
B59: Total de Insumos Diversos | AK59: =ROUND(SUM(AK55:AU58),2) -> 212.2
B61: MÓDULO 4: ENCARGOS SOCIAIS E TRABALHISTAS
B62: Submódulo 4.1 - Encargos Previdenciários e FGTS:
B63: 4.1 | E63: Encargos previdenciários e FGTS | AE63: % | AK63: Valor (R$)
B64: A | E64: INSS | AE64: 0.2 | AK64: =ROUND(AE64*$AK$41,2) -> 234
B65: B | E65: SESI ou SESC | AE65: =IF($J$5=1,0,IF(OR($J$5=2,$J$5=3),0.015,0)) -> 0 | AK65: =ROUND(AE65*$AK$41,2) -> 0
B66: C | E66: SENAI ou SENAC | AE66: =IF($J$5=1,0,IF(OR($J$5=2,$J$5=3),0.01,0)) -> 0 | AK66: =ROUND(AE66*$AK$41,2) -> 0
B67: D | E67: INCRA | AE67: =IF($J$5=1,0,IF(OR($J$5=2,$J$5=3),0.002,0)) -> 0 | AK67: =ROUND(AE67*$AK$41,2) -> 0
B68: E | E68: Salário Educação | AE68: =IF($J$5=1,0,IF(OR($J$5=2,$J$5=3),0.025,0)) -> 0 | AK68: =ROUND(AE68*$AK$41,2) -> 0
B69: F | E69: FGTS | AE69: 0.08 | AK69: =ROUND(AE69*$AK$41,2) -> 93.6
B70: G | E70: Seguro acidente do trabalho (RAT X FAT) (Confirmar na GFIP) | AE70: 0.03 | AK70: =ROUND(AE70*$AK$41,2) -> 35.1
B71: H | E71: SEBRAE | AE71: =IF($J$5=1,0,IF(OR($J$5=2,$J$5=3),0.006,0)) -> 0 | AK71: =ROUND(AE71*$AK$41,2) -> 0
B72: Total | AE72: =SUM(AE64:AJ71) -> 0.31 | AK72: =ROUND(SUM(AK64:AU71),2) -> 362.7
B74: Submódulo 4.2 - 13º Salário e Adicional de Férias
B75: 4.2 | E75: 13º Salário e Adicional de Férias | AE75: % | AK75: Valor (R$)
B76: A | E76: 13º Salário | AE76: =1/12 -> 0.083333333 | AK76: =ROUND(AE76*$AK$41,2) -> 97.5
B77: B | E77: Adicional de Férias | AE77: =1/36 -> 0.027777778 | AK77: =ROUND(AE77*$AK$41,2) -> 32.5
B78: Subtotal | AE78: =SUM(AE76:AJ77) -> 0.11111111 | AK78: =ROUND(SUM(AK76:AU77),2) -> 130
B79: C | E79: Incidência do Submódulo 4.1 sobre 13º Salário e Adicional de Férias | AE79: =AE72*AE78 -> 0.034444444 | AK79: =ROUND(AE79*$AK$41,2) -> 40.3
B80: Total | AE80: =AE78+AE79 -> 0.14555556 | AK80: =ROUND(AK78+AK79,2) -> 170.3
B82: Submódulo 4.3 - Afastamento Maternidade
B83: 4.3 | E83: Afastamento Maternidade | AE83: % | AK83: Valor (R$)
B84: A | E84: Afastamento maternidade (conforme apresentado pela empresa) {[(Remuneração + Terço Constitucional) x (Meses de afastamento por licença maternidade / Meses do ano)] / Meses do ano} x Incidência de ocorrência | AE84: 0.02 | AK84: =ROUND((((($AK$41/3+$AK$41)*(4/12))/12)*AE84),2) -> 0.87
B85: B | E85: Incidência do submódulo 4.1 sobre afastamento maternidade | AE85: =AE72 -> 0.31 | AK85: =ROUND(AE85*AK84,2) -> 0.27
B86: B.1 | E86: Incidência do submódulo 4.1 sobre a remuneração e 13º salário recebido pelo substituto durante os 120 dias de licença-maternidade | AE86: =AE85*AE84 -> 0.0062 | AK86: =ROUND(((AK41+AK76)*(4/12)*AE86),2) -> 2.62
B87: Total | AE87: =SUM(AE84:AJ86) -> 0.3362 | AK87: =ROUND(SUM(AK84:AU86),2) -> 3.76
B89: Submódulo 4.4 - Provisão para Recisão
B90: 4.4 | E90: Provisão para Recisão (conforme apresentado pela empresa) | AE90: % | AK90: Valor (R$)
B91: A | E91: Aviso prévio indenizado [(Remuneração / meses do ano) x Percentual de dispensa sem justa causa com aviso prévio indenizado] | AE91: 0.55 | AK91: =ROUND(((AE91*$AK$41)/12),2) -> 53.63
B92: B | E92: Incidência do FGTS sobre aviso prévio indenizado | AE92: 0.08 | AK92: =ROUND((AE92*AK91),2) -> 4.29
B93: C | E93: Multa do FGTS (e CS) sobre aviso prévio indenizado [(Remuneração x (Multa FGTS (40%) + Contribuição Social (10%)) x Percentual de recolhimento FGTS (8%) x Percentual de dispensa sem justa causa com aviso prévio indenizado (v. alínea A)] | AE93: 0.04 | AK93: =ROUND((AE93*AE91*$AK$41),2) -> 25.74
B94: D | E94: Aviso prévio trabalhado {[(Remuneração / Mês (30) / Meses do ano (12)] x 7 dias de redução da jurnada} x Percentual de dispensa sem justa causa com aviso prévio trabalhado | AE94: 0.05 | AK94: =ROUND((($AK$41/30/12*7)*AE94),2) -> 1.14
B95: E | E95: Incidência do submódulo 4.1 sobre aviso prévio trabalhado | AE95: =AE72 -> 0.31 | AK95: =ROUND((AK94*AE95),2) -> 0.35
B96: F | E96: Multa do FGTS (e CS) sobre aviso prévio trabalhado [(Remuneração x (Multa FGTS (40%) + Contribuição Social (10%)) x Percentual de recolhimento FGTS (8%) x Percentual de dispensa sem justa causa com aviso prévio trabalhado (v. alínea D)] | AE96: 0.04 | AK96: =ROUND((AE96*AE94*$AK$41),2) -> 2.34
B97: Total | AE97: =SUM(AE91:AJ96) -> 1.07 | AK97: =ROUND(SUM(AK91:AU96),2) -> 87.49
B99: Submódulo 4.5 - Custo de Reposição do profissional Ausente
B100: 4.5 | E100: Composição do Custo de Reposição do Profissional Ausente | AE100: % | AK100: Valor (R$)
B101: A | E101: Férias | AE101: =1/12 -> 0.083333333 | AK101: =ROUND(AE101*$AK$41,2) -> 97.5
B102: B | E102: Ausência por doença | AE102: 5 | AK102: =ROUND((AE102*($AK$41/30/12)),2) -> 16.25
B103: C | E103: Licença paternidade | AE103: 0.015 | AK103: =ROUND((AE103*($AK$41/30/12*5)),2) -> 0.24
B104: D | E104: Ausências legais | AE104: 1 | AK104: =ROUND((AE104*($AK$41/30/12)),2) -> 3.25
B105: E | E105: Ausência por acidente de trabalho | AE105: 15 | AK105: =ROUND((AE105*($AK$41/30/12*0.08)),2) -> 3.9
B106: F | E106: Outros (especificar) | AE106: 0 | AK106: =ROUND(AE106*$AK$41,2) -> 0
B107: Subtotal | AE107: - | AK107: =ROUND(SUM(AK101:AU106),2) -> 121.14
B108: G | E108: Incidência do submódulo 4.1 sobre o Custo de Reposição | AE108: =AE72 -> 0.31 | AK108: =ROUND(AE108*AK107,2) -> 37.55
B109: Total | AE109: - | AK109: =ROUND(AK107+AK108,2) -> 158.69
B111: QUADRO RESUMO - MÓDULO 4: ENCARGOS SOCIAIS E TRABALHISTAS
B112: 4 | E112: Módulo 4 - Encargos Sociais e Trabalhistas | AE112: % | AK112: Valor (R$)
B113: 4.1 | E113: Encargos previdenciários e FGTS | AE113: =AE72 -> 0.31 | AK113: =ROUND(AK72,2) -> 362.7
B114: 4.2 | E114: 13º Salário + Adicional de férias | AE114: =AE80 -> 0.14555556 | AK114: =ROUND(AK80,2) -> 170.3
B115: 4.3 | E115: Afastamento maternidade | AE115: =AE87 -> 0.3362 | AK115: =ROUND(AK87,2) -> 3.76
B116: 4.4 | E116: Custo de recisão | AE116: =AE97 -> 1.07 | AK116: =ROUND(AK97,2) -> 87.49
B117: 4.5 | E117: Custo de reposição do profissional ausente | AE117: =AE109 -> - | AK117: =ROUND(AK109,2) -> 158.69
B118: 4.6 | E118: Outros (especificar) | AE118: 0 | AK118: 0
B119: Total | AE119: =SUM(AE113:AJ118) -> 1.8617556 | AK119: =ROUND(SUM(AK113:AU118),2) -> 782.94
...

Sheet Cálculo-Remuneração
A1: Fórmula de Cálculos com base na CCT 2013/2015 do SINDESP/RN x SINDSEGUR/RN - Reg. MTE nº RN000192/2013
B3: Valor da Hora Normal (Salário + Risco de vida) / 220 | C3: =ROUND((F15)/220,2) -> 5.27
B4: Valor da Hora Extra a 50% (Hora Normal x 1,5) | C4: =ROUND(C3*D4,2) -> 7.91 | D4: 1.5
B5: Dias por mês (365,25 / 12) | C5: =ROUND(365.25/12,2) -> 30.44
B6: Valor do Adicional Noturno (Hora normal x 20%) | C6: =ROUND(C3*0.2,2) -> 1.05
B7: Domingos por mês (30,44/7) | C7: =C5/7 -> 4.3485714
B8: Dias não úteis por mês (domingos + 1 feriado) | C8: =C7+1 -> 5.3485714
B9: Dias úteis por mês | C9: =C5-C8 -> 25.091429
A11: Descrição | B11: Base de Cálculo | C11: Unidade | D11: Quant. | E11: Custo unitário | F11: Valor
A12: 1) Salário normativo | B12: Conforme CCT | C12: Salário/mês | D12: 1 | E12: 966.53 | F12: =ROUND(E12*D12,2) -> 966.53
A13: 2) Risco de vida (periculosidade) | B13: Conforme CCT | C13: Percentual | D13: 0.2 | E13: =E12 -> 966.53 | F13: =ROUND(E13*D13,2) -> 193.31
A14: 2.a) Insalubridade) | B14: Conforme local de trabalho (Laudo específico) | C14: Percentual | D14: 0 | E14: =E13 -> 966.53 | F14: =ROUND(E14*D14,2) -> 0
A15: SUBTOTAL | F15: =SUM(F12:F14) -> 1159.84
A16: 3) Intrajornada | B16: Valor da Hora Normal = (Salário + Risco de vida) / 220 Hora normal = (R$ 966,53 + R$ 193,31) / 220 = R$ 5,27 Valor da Hora Extra a 50% = R$ 5,27 x 1,5 = R$ 7,91 Dias trabalhados no mês = 365,25 / 12 = 30,44 / 2 = 15,22 dias Horas trabalhadas por dia = 1 hora Resumo: 1 hora x 15,22 dias x R$ 7,91 | C16: Hora | D16: =C5/F23 -> 15.22 | E16: =C4 -> 7.91 | F16: =ROUND(E16*D16,2) -> 120.39
A17: 4) Adicional Noturno | B17: Valor da Hora Normal = (Salário + Risco de vida) / 220 Hora normal = (R$ 966,53 + R$ 193,31) / 220 = R$ 5,27 Valor do Adicional Noturno a 20% = R$ 5,27 x 20% = R$ 1,05 Horas trabalhadas por noite (22h a 5h) = 7 horas Intervalo intrajornada por noite = 1 hora Jornada Reduzida por noite = 8h / 52min30seg x 60min = 1,14 hora Total de horas noturnas por noite = 7h + 1h + 1,14h = 9,14 horas Resumo: 9,14 horas x 15,22 dias x R$ 1,05 | C17: Hora | D17: 139.11 | E17: =C6 -> 1.05 | F17: =ROUND(E17*D17,2) -> 146.07
A18: 5) Jornada reduzida noturna | B18: Jornada Reduzida por noite = 8h / 52min30seg = 9,14 hora Horas trabalhadas - horas normais = 9,14 horas - 8 horas = 1,14h Resumo: 1,14 horas x 15,22 x R$ 7,91 | C18: Hora | D18: 17.35 | E18: =C4 -> 7.91 | F18: =ROUND(E18*D18,2) -> 137.24
A19: 6) Dobra | B19: 1 feriado/mês x 14,14 horas / 2 vigilantes = 7,07 horas por vigilante 7h (18 às 22h e das 5 às 6h) + 7,14 (22 às 5h, reduzida p/ 52min30seg) Adicional Dobra 100% = R$ 5,27 x 100% = R$ 5,27 Resumo: 7,07 horas x R$ 5,27 | C19: Hora | D19: 7.07 | E19: =C3 -> 5.27 | F19: =ROUND(E19*D19,2) -> 37.26
A20: 7) Reflexo sobre DSR (Descanso Semanal Remunerado) - Suspenso por decisão do TCU - Ac 1293/2010-2Cam | B20: Reflexo sobre DSR = ((Intrajornada + Ad. Noturno + Jorn. Reduzida) / Dias úteis) x Domingos e feriados Dias do mês: 365,25 / 12 = 30,44 dias Domingos e Feriados = 4,35 + 1 = 5,35 Dias úteis = 30,44 - 5,35 = 25,09 | C20: Dom/Fer | D20: 5.35 | E20: =ROUND((F16+F17+F18)/25.09,2) -> 16.09 | F20: =ROUND(E20*D20,2) -> 86.08
A21: 8) Reciclagem | B21: 50 horas x R$ 7,91 = R$ 395,50 / 24 meses = R$ 16,48 / 180 h = R$ 0,09 | C21: Hora | D21: 180 | E21: 0.09 | F21: =ROUND(E21*D21,2) -> 16.2
A22: TOTAL POR VIGILANTE | F22: =SUM(F15:F21) -> 1703.08
A23: Vigilantes por Posto | F23: 2
A24: TOTAL POR POSTO | F24: =F23*F22 -> 3406.16

Sheet I. Considerações Iniciais
B2: ADMINISTRAÇÃO DOS PORTOS DE PARANAGUÁ E ANTONINA - APPA (PORTOS DO PARANÁ)
B4: ANEXO - PLANILHA DE CUSTOS E FORMAÇÃO DOS PREÇOS - PCFP
B6: SERVIÇO DE VIGILÂNCIA ARMADA, PELO PERÍODO DE 30 (TRINTA) MESES
C9: CONSIDERAÇÕES INICIAIS
C11: * A planilha de custos e formação de preços é uma ferramenta de apoio à realização de estimativas da contratação e para a análise das propostas na fase de pregão e nas prorrogações contratuais.
C12: * É responsabilidade do usuário da empresa proponente a conferência das fórmulas automatizadas em conformidade com as disposições de CLT e CCT, para minimizar o risco de equívocos no cômputo das previsões financeiras. * Caso a proponente realize qualquer alteração de fórmulas ou utilize outro modelo de Planilha de Custos e Formação de Preços, deverão obrigatoriamente justificar e detalhar a metodologia de cálculo utilizada.
C13: * A presente proposta visa, tão somente, auxiliar na formatação dos cálculos de direitos trabalhistas para estimativas de contratos de prestação de serviços, observando as disposições da Consolidação das Leis do Trabalho - CLT e das Convenções Coletivas de Trabalho - CCT (sendo válidos, ainda, os acordos e dissídios coletivos).
C14: * Este arquivo contempla ao todo 08 (oito) abas, sendo: I. Considerações Iniciais II. PCFP Vigilante Diurno III. PCFP Vigilante Noturno IV. PCFP Supervisor Diurno V. PCFP Supervisor Noturno VI. Insumos Diversos; VII. Quadro-Resumo PCFP; VIII. CCT VGT 2024-2026
C15: * Na aba denominada "VI. Insumos Diversos", contempla o detalhamento dos Insumos Diversos (Módulo 5) que deve ser preenchida para replicar às PCFP's. * Na aba denominada "VII. Quadro-Resumo PCFP" não será necessário nenhum prenchimento - visto que alimentar-se-á automaticamente após o preenchimento das seguintes abas: II. PCFP Vigilante Diurno, III. PCFP Vigilante Noturno, IV. PCFP Supervisor Diurno, V. PCFP Supervisor Noturno e VI. Insumos Diversos; * Na aba denominada "VIII. CCT VGT 2024-2026" não será necessário nenhum prenchimento. Entretanto, deve ser observada atentamente para o preenchimento das demais abas, visto que contempla na íntegra a Convenção Coletiva de Trabalho (CCT) dos Vigilantes de Paranaguá/PR e Litoral, incluindo-se Antonina/PR.
C16: * Neste Processo Licitatório serão contratados "32 (trinta e dois) Postos de Serviços de VIGILÃNCIA ARMADA 24h", sendo: a) 31 Postos de VIGILANTE ARMADO 24h; e b) 01 Posto de SUPERVISOR DE VIGILANTES 24h. - Para isso, em virtude de diferenciação de custos entre Diurno e Noturno, desmembra-se em 04 (quatro) tipos de serviços a serem contratados, que estão separados nas seguintes abas: "II. Vigilante Diurno", "III. Vigilante Noturno", "IV. Supervisor Diurno" e "V. Supervisor Noturno".
C18: INSTRUÇÕES PARA A PLANILHA DE CUSTOS E FORMAÇÃO DE PREÇOS - PCFP
C21: MÓDULO 1 - REMUNERAÇÃO
C22: * A remuneração é definida no art. 457 da Consolidação das Leis do Trabalho. * É composta por Salário Base, Adicionais (noturno, de insalubridade ou periculosidade) e gratificações, quando houver.
C23: * Este quadro totaliza a remuneração devida ao trabalhador, conforme previsão da Consolidação das Leis do Trabalho e valores disponíveis na Convenção Coletiva para a categoria
C25: SALÁRIO BASE
... C98: *Percentuais de custo indireto e de lucro retirados do comprasnet, Manual de Orientação para Preenchimento da Planilha de Custos e Formação de Preços (PCFP) para serviços de vigilância; * Dúvidas sobre a metodologia de cálculo poderão ser esclarecidas com a leitura dos Cadernos Técnicos de divulgação de valores limites em: 1. https://www.gov.br/compras/pt-br/agente-publico/cadernos-tecnicos-e-valores-limites. 2. https://www.gov.br/compras/pt-br/agente-publico/orientacoes-e-procedimentos/11-orientacoes-gerais-para-planilha-de-custos-e-formacao-de-precos;

Sheet II. PCFP Vigilante Diurno
B2: PCFP – VIGILÂNCIA ARMADA – DIURNO | AH2: Legenda: | AI2: DIGITÁVEL
AI3: NÃO DIGITÁVEL
B5: Dados da empresa (Razão Social): | J5: ( ? ) | AD5: CNPJ: | AE5: ( ? )
B7: Regime Tributário | J7: 3 | K7: =IF(J7=1,"Simples Nacional",IF(J7=2,"Lucro Real",IF(J7=3,"Lucro Presumido","Digite 1, 2 ou 3"))) -> Lucro Presumido | AB7: Processo SAP (APPA) nº | AE7: 1000000303
B8: Fator divisão - Base Cálculo | J8: =1-AE137 -> 0.9135 | AB8: Licitação Eletrônica nº | AE8: 303/2025
B10: DISCRIMINAÇÃO DOS SERVIÇOS (DADOS REFERENTES À CONTRATAÇÃO)
B11: A | E11: Data de apresentação da proposta (dia/mês/ano) | AE11: =TODAY() -> 46001
B12: B | E12: Município/UF | AE12: Paranaguá/PR
B13: C | E13: Ano, Acordo, Convenção ou Sentença Normativa em Dissídio Coletivo | AD13: CCT | AE13: PR000353/2024 | AG13: < Atualizar de acordo com a CCT vigente da categoria!
B14: D | E14: Nº de meses de execução contratual | AE14: 30
B16: IDENTIFICAÇÃO DO SERVIÇO
B17: Tipo de Serviço | X17: Unidade de Medida | AE17: Quantidade (total) a contratar
B18: VIGILÂNCIA ARMADA – DIURNO | X18: Posto (empregado por posto de trabalho) | AE18: 2
B19: Produtividade / Quantidade | X19: Serviço / Posto de trabalho | AE19: 31
X20: Quantidade de empregados | AE20: =AE18*AE19 -> 62
X21: Jornada de Trabalho 12 x 36, marque um "X" | AE21: X
B23: MÃO-DE-OBRA VINCULADA À EXECUÇÃO CONTRATUAL | AE23: DESCRIÇÃO
B25: Dados complementares para composição dos custos referente à mão-de-obra
B26: 1 | E26: Tipo de serviço (mesmo serviço com características distintas) | AE26: =IF(B18="","",B18) -> VIGILÂNCIA ARMADA – DIURNO
B27: 2 | E27: Classificação Brasileira de Ocupações (CBO) | AE27: 5173-30
B28: 3 | E28: Salário normativo da categoria profissional (v. CCT) | AE28: 2275.73 | AG28: < Atualizar valor de acordo com a CCT vigente da categoria!
B29: 4 | E29: Categoria profissional (vinculada à execução contratual) | AE29: VIGILANTE
B30: 5 | E30: Data base da categoria (dia/mês/ano) | AE30: 45323
B31: 6 | E31: Salário mínimo vigente nacional | AE31: 1518 | AG31: < Atualizar valor de acordo com o mínimo nacional vigente!
B33: MÓDULO 1: COMPOSIÇÃO DA REMUNERAÇÃO
B35: 1 | E35: Descrição do Item | AE35: % | AF35: Valor (R$)
B36: A | E36: Salário Base (no mínimo o previsto na CCT vigente na data considerada) | AE36: =IF(AF36<AE28,"Salário Base insuficiente!","Salário Base atende a CCT.") -> Salário Base atende a CCT. | AF36: 2276 | AG36: < (Valor ilustrativo): Atualizar o salário base, não podendo ser inferior ao mínimo exigido pela CCT vigente da categoria!
B37: B | E37: Adicional de periculosidade (Informar o percentual aplicável, se for o caso, conforme CCT) | AE37: 0.3 | AF37: =ROUND(AF$36*AE37,2) -> 682.8 | AG37: < (Percentual ilustrativo): Atualizar o índice de acordo com a legislação vigente aplicável para a categoria!
B38: C | E38: Adicional de insalubridade (Informar o percentual aplicável, se for o caso) | AE38: 0 | AF38: =IF(AD38<>"",AE38*AF36,AE38*AE$31) -> 0
B39: D | E39: Adicional noturno | AE39: =IF(AF$36=0,"",AF39/AF$36) -> 0 | AF39: =IF(AD39="",0,ROUND((8*(7*4.345))*(((AF$36+AF$37)/220)*AD39)/2,2)) -> 0
B40: E | E40: Adicional de Hora Noturna Reduzida | AD40: =IF(AD39>0,"X","") | AE40: =IF(AF$36=0,"",AF40/AF$36) -> 0 | AF40: =IF(AD40="",0,ROUND((1*(7*4.345))*((AF$36+AF$37)/220)/2,2)) -> 0
B41: F | E41: Outros (especificar): | AE41: =IF(AF$36=0,"",AF41/AF$36) -> 0
B42: Total da Remuneração | AF42: =SUM(AF36:AF41) -> 2958.8
B44: MÓDULO 2: ENCARGOS E BENEFÍCIOS ANUAIS, MENSAIS E DIÁRIOS
B46: Submódulo 2.1 - 13º Salário, Férias e Adicional de Férias | AE46: VALORES
B47: 2.1 | E47: 13º Salário, Férias e Adicional de Férias | AE47: % | AF47: Valor (R$)
B48: A | E48: 13º Salário (1/12) | AE48: =1/12 -> 0.083333333 | AF48: =ROUND(AE48*AF$42,2) -> 246.57
B49: B | E49: Férias (1/12) e Adicional de Férias (1/36) | AE49: 0.121 | AF49: =ROUND(AE49*AF$42,2) -> 358.01
B50: Subtotal | AE50: =SUM(AE48:AE49) -> 0.20433333 | AF50: =SUM(AF48:AF49) -> 604.58
B52: Submódulo 2.2 - Encargos Previdenciários (GPS), Fundo de Garantia por Tempo de Serviço (FGTS) e outras contribuições. | AE52: Base cálculo (M 1 + SM 2.1) | AF52: =AF42+AF50 -> 3563.38
B53: 2.2 | E53: GPS, FGTS e outras contribuições | AE53: % | AF53: Valor (R$)
B54: A | E54: INSS | G54: (Empresa beneficiária da Desoneração da Folha - Substituído pela CPRB - Lei 13.670/2018) | AE54: =IF(AD54="",0.2,0) -> 0.2 | AF54: =ROUND(AE54*AF$52,2) -> 712.68 | AG54: < (Percentual meramente ilustrativo): Atualizar os índices % de acordo com a legislação vigente aplicável para a categoria!
B55: B | E55: Salário Educação | AE55: 0.025 | AF55: =ROUND(AE55*AF$52,2) -> 89.08
B56: C | E56: SAT - Seguro Acidente do Trabalho (RAT X FAP = RAT AJUSTADO) (Confirmar na GFIP) | AE56: 0.03 | AF56: =ROUND(AE56*AF$52,2) -> 106.9
B57: D | E57: SESC ou SESI | AE57: 0.015 | AF57: =ROUND(AE57*AF$52,2) -> 53.45
B58: E | E58: SENAI - SENAC | AE58: 0.01 | AF58: =ROUND(AE58*AF$52,2) -> 35.63
B59: F | E59: SEBRAE | AE59: 0.006 | AF59: =ROUND(AE59*AF$52,2) -> 21.38
B60: G | E60: INCRA | AE60: 0.002 | AF60: =ROUND(AE60*AF$52,2) -> 7.13
B61: H | E61: FGTS | AE61: 0.08 | AF61: =ROUND(AE61*AF$52,2) -> 285.07
B62: I | E62: Outros (especificar): | AF62: =ROUND(AE62*AF$52,2) -> 0
B63: Total | AE63: =SUM(AE54:AE62) -> 0.368 | AF63: =SUM(AF54:AF62) -> 1311.32
B65: Submódulo 2.3 - Benefícios Mensais e Diários | AE65: VALORES
B66: 2.3 | E66: Benefícios Mensais e Diários | AE66: - | AF66: Valor (R$)
B67: A | E67: Vale-transporte - Conforme a CCT (Qtde. de vale transporte por mês x Valor unitário do vale ) - Desconto da parte do empregado (6% do salário básico) | AD67: Qtde Vales/mês | AF67: =ROUND(IF((IF(AE67="",0,(((AE67*AE68)-(0.06*AF36)))))<0,0,IF(AE67="",0,(((AE67*AE68)-(0.06*AF36))))),2) -> 0 | AG67: << (Valores meramente ilustrativos): 1) Atualizar conforme vossa proposta. 2) Não poderá ser inferior ao mínimo exigido pela CCT vigente).
AD68: Preço do vale
B69: B | E69: Auxílio Refeição / alimentação (vales, cesta básica etc) - Conforme a CCT (Valor do vale alimentação mensal - Desconto parte empregado (ex: 20%)) | AD69: Valor mensal | AE69: =15*52.09 -> 781.35 | AF69: =ROUND(AE69-(AE69*AE70),2) -> 625.08
AD70: Desconto (%) | AE70: 0.2
B71: C | E71: Assistência médica e familiar - Conforme a CCT (Plano de saúde mensal - Desconto parte do empregado) | AE71: 0.4192 | AF71: 90
B72: D | E72: Intervalo Intrajornada (não usufruído pelo empregado) | AE72: X | AF72: =IF(OR(AE21="",AE72=""),0,ROUND((AF42/220*1.5)*(7*4.345)/2,2)) -> 306.79
B73: E | E73: Seguro de vida, invalidez e funeral (Valor do seguro de vida / Meses do ano) | AF73: 0
B74: H | E74: Outros: | H74: Contribuição Assistencial Patronal | AF74: 0
B75: Total de benefícios mensais e diários | AF75: =SUM(AF67:AF73) -> 1021.87
B77: Quadro-Resumo do Módulo 2 - Encargos e Benefícios anuais, mensais e diários | AE77: VALORES
B78: 2 | E78: Encargos e Benefícios anuais, mensais e diários | AE78: % | AF78: Valor
B79: 2.1 | E79: =E47 -> 13º Salário, Férias e Adicional de Férias | AE79: =IF(AF$42=0,"",AF79/AF$42) -> 0.20433284 | AF79: =AF50 -> 604.58
B80: 2.2 | E80: =E53 -> GPS, FGTS e outras contribuições | AE80: =IF(AF$42=0,"",AF80/AF$42) -> 0.44319319 | AF80: =AF63 -> 1311.32
B81: 2.3 | E81: =E66 -> Benefícios Mensais e Diários | AE81: =IF(AF$42=0,"",AF81/AF$42) -> 0.34536636 | AF81: =AF75 -> 1021.87
B82: Total | AE82: =IF(AF$42=0,"",AF82/AF$42) -> 0.99289239 | AF82: =SUM(AF79:AF81) -> 2937.77
B84: MÓDULO 3 - PROVISÃO PARA RESCISÃO
B86: 3 | E86: Provisão para Recisão (Alterado pela IN 07/2018) | AE86: % | AF86: Valor (R$)
B87: A | E87: Aviso Prévio Indenizado | AD87: 0.05 | AE87: =(1/12*$AD87) -> 0.0041666667 | AF87: =ROUND(AE87*AF42,2) -> 12.33
B88: B | E88: Incidência do FGTS sobre o Aviso Prévio Indenizado (8% x 7,46) | AE88: 0.08 | AF88: =ROUND(AF87*AE88,2) -> 0.99
B89: C | E89: Multa do FGTS e Contribuição Social sobre o Aviso Prévio Indenizado | AE89: =0.5*AD87*AE88 -> 0.002 | AF89: =ROUND(AF$42*AE89,2) -> 5.92
B90: D | E90: Aviso Prévio Trabalhado | AD90: =1-AD87 -> 0.95 | AE90: =7/30/12 -> 0.019444444 | AF90: =ROUND(AE90*AF42,2) -> 57.53
B91: E | E91: Incidência de GPS, FGTS e outras contribuições sobre o Aviso Prévio Trabalhado (36,8% x 34,74) | AE91: =AE63 -> 0.368 | AF91: =ROUND(AF90*AE63,2) -> 21.17
B92: F | E92: Multa do FGTS e Contribuição Social sobre o Aviso Prévio Trabalhado | AE92: =0.08*0.5*AD90 -> 0.038 | AF92: =ROUND(AE92*AF$42,2) -> 112.43
B93: Total | AE93: =IF(AF$42=0,"",AF93/AF$42) -> 0.07109977 | AF93: =SUM(AF87:AF92) -> 210.37
B95: MÓDULO 4 - CUSTO DE REPOSIÇÃO DO PROFISSIONAL AUSENTE
B97: Submódulo 4.1 - Substituto nas Ausências Legais | AE97: Base cálculo (M 1 + M 2 + M 3) | AF97: =AF42+AF82+AF93 -> 6106.94
B98: 4.1 | E98: Substituto nas Ausências legais | AD98: Ocorrência | AE98: % | AF98: Valor (R$)
B99: A | E99: Substituto na cobertura de Férias (provisionamente de 1/12 do valor dos módulos anteriores) | AD99: - | AE99: =((1+1/3)/12)/12 -> 0.0092592593 | AF99: =AE99*AF97 -> 56.545741
B100: B | E100: Substituto na cobertura de Ausências legais | AD100: 2 | AE100: =((AD100/30)/12) -> 0.0055555556 | AF100: =ROUND(AE100*AF$97,2) -> 33.93
B101: C | E101: Substituto na cobertura de Licença-Paternidade | AD101: 0.02 | AE101: =((20/30)/12)*AD101 -> 0.0011111111 | AF101: =ROUND(AE101*AF$97,2) -> 6.79
B102: D | E102: Substituto na cobertura de Ausência por acidente de trabalho | AD102: 0.08 | AE102: =((15/30)/12)*AD102 -> 0.0033333333 | AF102: =ROUND(AE102*AF$97,2) -> 20.36
B103: E | E103: Substituto na cobertura de Afastamento Maternidade | AD103: 0.03 | AE103: =((1+1/3)/12*AD103*((4/12))) -> 0.0011111111 | AF103: =ROUND(AE103*AF$97,2) -> 6.79
B104: F | E104: Substituto na cobertura de Outras ausências (cursos) | AE104: =((AD104/30)/12) -> 0 | AF104: =ROUND(AE104*AF$97,2) -> 0
B105: Subtotal | AE105: =SUM(AE99:AE104) -> 0.02037037 | AF105: =SUM(AF99:AF104) -> 124.41574
B107: Submódulo 4.2 - Substituto na Intrajornada | AE107: VALORES
B108: 4.2 | E108: Substituto na Intrajornada | AE108: % | AF108: Valor (R$)
B109: A | E109: Substituto na cobertura de Intervalo para repouso ou alimentação (Este item depende do Submódulo 2.3, D: ou um ou outro). | AF109: =IF(AE109="",0,ROUND(AF97/220*1*7*4.345/2,2)) -> 0
B110: Subtotal | AE110: - | AF110: =AF109 -> 0
B112: Quadro-Resumo do Módulo 4 - Custo de Reposição do Profissional Ausente | AE112: % | AF112: Valor (R$)
B113: 4.1 | E113: =E98 -> Substituto nas Ausências legais | AE113: =IF(AF$42=0,"",AF113/AF$42) -> 0.042049392 | AF113: =AF105 -> 124.41574
B114: 4.2 | E114: =E108 -> Substituto na Intrajornada | AE114: =IF(AF$42=0,"",AF114/AF$42) -> 0 | AF114: =AF110 -> 0
B115: Total | AE115: =SUM(AE113:AE114) -> 0.042049392 | AF115: =SUM(AF113:AF114) -> 124.41574
B117: MÓDULO 5: INSUMOS DIVERSOS
B119: 5 | E119: Insumos Diversos | AE119: % | AF119: Valor (R$)
B120: A | E120: CELULAR FUNCIONAL - (Valor mensal por profissional) - ("Item 5.1. a" do Termo de Referência)] | AE120: =IF(AF$42=0,"",AF120/AF$42) -> 0.00017602857 | AF120: ='VI. Insumos Diversos'!I92 -> 0.52083333
B121: B | E121: AUTOMÓVEL - (Valor mensal por profissional) - ("Item 5.1. b" do Termo de Referência) | AE121: =IF(AF$42=0,"",AF121/AF$42) -> 0.017602857 | AF121: ='VI. Insumos Diversos'!I93 -> 52.083333
B122: C | E122: MOTOCICLETAS - (Valor mensal por profissional) - [("Item 5.1. c" do Termo de Referência) | AE122: =IF(AF$42=0,"",AF122/AF$42) -> 0.0070411428 | AF122: ='VI. Insumos Diversos'!I94 -> 20.833333
...

Sheet III. PCFP Vigilante Noturno
B2: PCFP – VIGILÂNCIA ARMADA – NOTURNO | AH2: Legenda: | AI2: DIGITÁVEL
AI3: NÃO DIGITÁVEL
B5: Dados da empresa (Razão Social): | J5: ='II. PCFP Vigilante Diurno'!J5 -> ( ? ) | AD5: CNPJ: | AE5: ='II. PCFP Vigilante Diurno'!AE5 -> ( ? )
B7: Regime Tributário | J7: 3 | K7: =IF(J7=1,"Simples Nacional",IF(J7=2,"Lucro Real",IF(J7=3,"Lucro Presumido","Digite 1, 2 ou 3"))) -> Lucro Presumido | AB7: Processo SAP (APPA) nº | AE7: ='II. PCFP Vigilante Diurno'!AE7 -> 1000000303
B8: Fator divisão - Base Cálculo | J8: =1-AE137 -> 0.9135 | AB8: Licitação: Pregão Eletrônico nº | AE8: ='II. PCFP Vigilante Diurno'!AE8 -> 303/2025
B10: DISCRIMINAÇÃO DOS SERVIÇOS (DADOS REFERENTES À CONTRATAÇÃO)
B11: A | E11: Data de apresentação da proposta (dia/mês/ano) | AE11: ='II. PCFP Vigilante Diurno'!AE11 -> 46001
B12: B | E12: Município/UF | AE12: ='II. PCFP Vigilante Diurno'!AE12 -> Paranaguá/PR
B13: C | E13: Ano, Acordo, Convenção ou Sentença Normativa em Dissídio Coletivo | AD13: ='II. PCFP Vigilante Diurno'!AD13 -> CCT | AE13: ='II. PCFP Vigilante Diurno'!AE13 -> PR000353/2024
B14: D | E14: Nº de meses de execução contratual | AE14: ='II. PCFP Vigilante Diurno'!AE14 -> 30
B16: IDENTIFICAÇÃO DO SERVIÇO
B17: Tipo de Serviço | X17: Unidade de Medida | AE17: Quantidade (total) a contratar
B18: VIGILÂNCIA ARMADA – NOTURNO | X18: Posto (empregado por posto de trabalho) | AE18: 2
B19: Produtividade / Quantidade | X19: Serviço / Posto de trabalho | AE19: 31
X20: Quantidade de empregados | AE20: =AE18*AE19 -> 62
X21: Jornada de Trabalho 12 x 36, marque um "X" | AE21: X
B23: MÃO-DE-OBRA VINCULADA À EXECUÇÃO CONTRATUAL | AE23: DESCRIÇÃO
B25: Dados complementares para composição dos custos referente à mão-de-obra
B26: 1 | E26: Tipo de serviço (mesmo serviço com características distintas) | AE26: =IF(B18="","",B18) -> VIGILÂNCIA ARMADA – NOTURNO
B27: 2 | E27: Classificação Brasileira de Ocupações (CBO) | AE27: 5173-30
B28: 3 | E28: Salário normativo da categoria profissional (v. CCT) | AE28: 2275.73 | AG28: < Atualizar valor de acordo com a CCT vigente da categoria!
B29: 4 | E29: Categoria profissional (vinculada à execução contratual) | AE29: VIGILANTE
B30: 5 | E30: Data base da categoria (dia/mês/ano) | AE30: 45323
B31: 6 | E31: Salário mínimo vigente nacional | AE31: 1518 | AG31: < Atualizar valor de acordo com o mínimo nacional vigente!
B33: MÓDULO 1: COMPOSIÇÃO DA REMUNERAÇÃO
B35: 1 | E35: Descrição do Item | AE35: % | AF35: Valor (R$)
B36: A | E36: Salário Base (no mínimo o previsto na CCT vigente na data considerada) | AE36: =IF(AF36<AE28,"Salário Base insuficiente!","Salário Base atende a CCT.") -> Salário Base atende a CCT. | AF36: 2276 | AG36: < (Valor ilustrativo): Atualizar o salário base, não podendo ser inferior ao mínimo exigido pela CCT vigente da categoria!
B37: B | E37: Adicional de periculosidade (Informar o percentual aplicável, se for o caso, conforme CCT) | AE37: 0.3 | AF37: =ROUND(AF$36*AE37,2) -> 682.8 | AG37: < (Percentual ilustrativo): Atualizar o índice de acordo com a legislação vigente aplicável para a categoria!
B38: C | E38: Adicional de insalubridade (Informar o percentual aplicável, se for o caso) | AE38: 0 | AF38: =IF(AD38<>"",AE38*AF36,AE38*AE$31) -> 0
B39: D | E39: Adicional noturno | AD39: 0.2 | AE39: =IF(AF$36=0,"",AF39/AF$36) -> 0.14377856 | AF39: =IF(AD39="",0,ROUND((8*(7*4.345))*(((AF$36+AF$37)/220)*AD39)/2,2)) -> 327.24
B40: E | E40: Adicional de Hora Noturna Reduzida | AD40: =IF(AD39>0,"X","") -> X | AE40: =IF(AF$36=0,"",AF40/AF$36) -> 0.089863796 | AF40: =IF(AD40="",0,ROUND((1*(7*4.345))*((AF$36+AF$37)/220)/2,2)) -> 204.53
B41: F | E41: Outros (especificar): | AE41: =IF(AF$36=0,"",AF41/AF$36) -> 0
B42: Total da Remuneração | AF42: =SUM(AF36:AF41) -> 3490.57
B44: MÓDULO 2: ENCARGOS E BENEFÍCIOS ANUAIS, MENSAIS E DIÁRIOS
B46: Submódulo 2.1 - 13º Salário, Férias e Adicional de Férias | AE46: VALORES
B47: 2.1 | E47: 13º Salário, Férias e Adicional de Férias | AE47: % | AF47: Valor (R$)
B48: A | E48: 13º Salário (1/12) | AE48: =1/12 -> 0.083333333 | AF48: =ROUND(AE48*AF$42,2) -> 290.88
B49: B | E49: Férias (1/12) e Adicional de Férias (1/36) | AE49: 0.121 | AF49: =ROUND(AE49*AF$42,2) -> 422.36
B50: Subtotal | AE50: =SUM(AE48:AE49) -> 0.20433333 | AF50: =SUM(AF48:AF49) -> 713.24
B52: Submódulo 2.2 - Encargos Previdenciários (GPS), Fundo de Garantia por Tempo de Serviço (FGTS) e outras contribuições. | AE52: Base cálculo (M 1 + SM 2.1) | AF52: =AF42+AF50 -> 4203.81
B53: 2.2 | E53: GPS, FGTS e outras contribuições | AE53: % | AF53: Valor (R$)
B54: A | E54: INSS | G54: (Empresa beneficiária da Desoneração da Folha - Substituído pela CPRB - Lei 13.670/2018) | AE54: =IF(AD54="",0.2,0) -> 0.2 | AF54: =ROUND(AE54*AF$52,2) -> 840.76 | AG54: < (Percentual meramente ilustrativo): Atualizar os índices % de acordo com a legislação vigente aplicável para a categoria!
B55: B | E55: Salário Educação | AE55: 0.025 | AF55: =ROUND(AE55*AF$52,2) -> 105.1
B56: C | E56: SAT - Seguro Acidente do Trabalho (RAT X FAP = RAT AJUSTADO) (Confirmar na GFIP) | AE56: 0.03 | AF56: =ROUND(AE56*AF$52,2) -> 126.11
B57: D | E57: SESC ou SESI | AE57: 0.015 | AF57: =ROUND(AE57*AF$52,2) -> 63.06
B58: E | E58: SENAI - SENAC | AE58: 0.01 | AF58: =ROUND(AE58*AF$52,2) -> 42.04
B59: F | E59: SEBRAE | AE59: 0.006 | AF59: =ROUND(AE59*AF$52,2) -> 25.22
B60: G | E60: INCRA | AE60: 0.002 | AF60: =ROUND(AE60*AF$52,2) -> 8.41
B61: H | E61: FGTS | AE61: 0.08 | AF61: =ROUND(AE61*AF$52,2) -> 336.3
B62: I | E62: Outros (especificar): | AF62: =ROUND(AE62*AF$52,2) -> 0
B63: Total | AE63: =SUM(AE54:AE62) -> 0.368 | AF63: =SUM(AF54:AF62) -> 1547
B65: Submódulo 2.3 - Benefícios Mensais e Diários | AE65: VALORES
B66: 2.3 | E66: Benefícios Mensais e Diários | AE66: - | AF66: Valor (R$)
B67: A | E67: Vale-transporte - Conforme a CCT (Qtde. de vale transporte por mês x Valor unitário do vale ) - Desconto da parte do empregado (6% do salário básico) | AD67: Qtde Vales/mês | AF67: =ROUND(IF((IF(AE67="",0,(((AE67*AE68)-(0.06*AF36)))))<0,0,IF(AE67="",0,(((AE67*AE68)-(0.06*AF36))))),2) -> 0 | AG67: << (Valores meramente ilustrativos): 1) Atualizar conforme vossa proposta. 2) Não poderá ser inferior ao mínimo exigido pela CCT vigente).
AD68: Preço do vale
B69: B | E69: Auxílio Refeição / alimentação (vales, cesta básica etc) - Conforme a CCT (Valor do vale alimentação mensal - Desconto parte empregado (ex: 20%)) | AD69: Valor mensal | AE69: =15*52.09 -> 781.35 | AF69: =ROUND(AE69-(AE69*AE70),2) -> 625.08
AD70: Desconto (%) | AE70: 0.2
B71: C | E71: Assistência médica e familiar - Conforme a CCT (Plano de saúde mensal - Desconto parte do empregado) | AE71: 0.4192 | AF71: 90
B72: D | E72: Intervalo Intrajornada (não usufruído pelo empregado) | AE72: X | AF72: =IF(OR(AE21="",AE72=""),0,ROUND((AF42/220*1.5)*(7*4.345)/2,2)) -> 361.93
B73: E | E73: Seguro de vida, invalidez e funeral (Valor do seguro de vida / Meses do ano) | AF73: 0
B74: H | E74: Outros: | H74: Contribuição Assistencial Patronal | AF74: 0
B75: Total de benefícios mensais e diários | AF75: =SUM(AF67:AF73) -> 1077.01
B77: Quadro-Resumo do Módulo 2 - Encargos e Benefícios anuais, mensais e diários | AE77: VALORES
B78: 2 | E78: Encargos e Benefícios anuais, mensais e diários | AE78: % | AF78: Valor
B79: 2.1 | E79: =E47 -> 13º Salário, Férias e Adicional de Férias | AE79: =IF(AF$42=0,"",AF79/AF$42) -> 0.20433339 | AF79: =AF50 -> 713.24
B80: 2.2 | E80: =E53 -> GPS, FGTS e outras contribuições | AE80: =IF(AF$42=0,"",AF80/AF$42) -> 0.44319409 | AF80: =AF63 -> 1547
B81: 2.3 | E81: =E66 -> Benefícios Mensais e Diários | AE81: =IF(AF$42=0,"",AF81/AF$42) -> 0.30854846 | AF81: =AF75 -> 1077.01
B82: Total | AE82: =IF(AF$42=0,"",AF82/AF$42) -> 0.95607594 | AF82: =SUM(AF79:AF81) -> 3337.25
B84: MÓDULO 3 - PROVISÃO PARA RESCISÃO
B86: 3 | E86: Provisão para Recisão (Alterado pela IN 07/2018) | AE86: % | AF86: Valor (R$)
B87: A | E87: Aviso Prévio Indenizado | AD87: 0.05 | AE87: =(1/12*$AD87) -> 0.0041666667 | AF87: =ROUND(AE87*AF42,2) -> 14.54
B88: B | E88: Incidência do FGTS sobre o Aviso Prévio Indenizado (8% x 7,46) | AE88: 0.08 | AF88: =ROUND(AF87*AE88,2) -> 1.16
B89: C | E89: Multa do FGTS e Contribuição Social sobre o Aviso Prévio Indenizado | AE89: =0.5*AD87*AE88 -> 0.002 | AF89: =ROUND(AF$42*AE89,2) -> 6.98
B90: D | E90: Aviso Prévio Trabalhado | AD90: =1-AD87 -> 0.95 | AE90: =7/30/12 -> 0.019444444 | AF90: =ROUND(AE90*AF42,2) -> 67.87
B91: E | E91: Incidência de GPS, FGTS e outras contribuições sobre o Aviso Prévio Trabalhado (36,8% x 34,74) | AE91: =AE63 -> 0.368 | AF91: =ROUND(AF90*AE63,2) -> 24.98
B92: F | E92: Multa do FGTS e Contribuição Social sobre o Aviso Prévio Trabalhado | AE92: =0.08*0.5*AD90 -> 0.038 | AF92: =ROUND(AE92*AF$42,2) -> 132.64
B93: Total | AE93: =IF(AF$42=0,"",AF93/AF$42) -> 0.071097271 | AF93: =SUM(AF87:AF92) -> 248.17
B95: MÓDULO 4 - CUSTO DE REPOSIÇÃO DO PROFISSIONAL AUSENTE
B97: Submódulo 4.1 - Substituto nas Ausências Legais | AE97: Base cálculo (M 1 + M 2 + M 3) | AF97: =AF42+AF82+AF93 -> 7075.99
B98: 4.1 | E98: Substituto nas Ausências legais | AD98: Ocorrência | AE98: % | AF98: Valor (R$)
B99: A | E99: Substituto na cobertura de Férias (provisionamente de 1/12 do valor dos módulos anteriores) | AD99: - | AE99: =((1+1/3)/12)/12 -> 0.0092592593 | AF99: =AE99*AF97 -> 65.518426
B100: B | E100: Substituto na cobertura de Ausências legais | AD100: 2 | AE100: =((AD100/30)/12) -> 0.0055555556 | AF100: =ROUND(AE100*AF$97,2) -> 39.31
B101: C | E101: Substituto na cobertura de Licença-Paternidade | AD101: 0.02 | AE101: =((20/30)/12)*AD101 -> 0.0011111111 | AF101: =ROUND(AE101*AF$97,2) -> 7.86
B102: D | E102: Substituto na cobertura de Ausência por acidente de trabalho | AD102: 0.08 | AE102: =((15/30)/12)*AD102 -> 0.0033333333 | AF102: =ROUND(AE102*AF$97,2) -> 23.59
B103: E | E103: Substituto na cobertura de Afastamento Maternidade | AD103: 0.03 | AE103: =((1+1/3)/12*AD103*((4/12))) -> 0.0011111111 | AF103: =ROUND(AE103*AF$97,2) -> 7.86
B104: F | E104: Substituto na cobertura de Outras ausências (cursos) | AE104: =((AD104/30)/12) -> 0 | AF104: =ROUND(AE104*AF$97,2) -> 0
B105: Subtotal | AE105: =SUM(AE99:AE104) -> 0.02037037 | AF105: =SUM(AF99:AF104) -> 144.13843
B107: Submódulo 4.2 - Substituto na Intrajornada | AE107: VALORES
B108: 4.2 | E108: Substituto na Intrajornada | AE108: % | AF108: Valor (R$)
B109: A | E109: Substituto na cobertura de Intervalo para repouso ou alimentação (Este item depende do Submódulo 2.3, D: ou um ou outro). | AF109: =IF(AE109="",0,ROUND(AF97/220*1*7*4.345/2,2)) -> 0
B110: Subtotal | AE110: - | AF110: =AF109 -> 0
B112: Quadro-Resumo do Módulo 4 - Custo de Reposição do Profissional Ausente | AE112: % | AF112: Valor (R$)
B113: 4.1 | E113: =E98 -> Substituto nas Ausências legais | AE113: =IF(AF$42=0,"",AF113/AF$42) -> 0.041293664 | AF113: =AF105 -> 144.13843
B114: 4.2 | E114: =E108 -> Substituto na Intrajornada | AE114: =IF(AF$42=0,"",AF114/AF$42) -> 0 | AF114: =AF110 -> 0
B115: Total | AE115: =SUM(AE113:AE114) -> 0.041293664 | AF115: =SUM(AF113:AF114) -> 144.13843
B117: MÓDULO 5: INSUMOS DIVERSOS
B119: 5 | E119: Insumos Diversos | AE119: % | AF119: Valor (R$)
B120: A | E120: CELULAR FUNCIONAL - (Valor mensal por profissional) - ("Item 5.1. a" do Termo de Referência)] | AE120: =IF(AF$42=0,"",AF120/AF$42) -> 0.00014921154 | AF120: ='VI. Insumos Diversos'!I92 -> 0.52083333
B121: B | E121: AUTOMÓVEL - (Valor mensal por profissional) - ("Item 5.1. b" do Termo de Referência) | AE121: =IF(AF$42=0,"",AF121/AF$42) -> 0.014921154 | AF121: ='VI. Insumos Diversos'!I93 -> 52.083333
B122: C | E122: MOTOCICLETAS - (Valor mensal por profissional) - [("Item 5.1. c" do Termo de Referência) | AE122: =IF(AF$42=0,"",AF122/AF$42) -> 0.0059684617 | AF122: ='VI. Insumos Diversos'!I94 -> 20.833333
...

Sheet IV. PCFP Supervisor Diurno
B2: PCFP – SUPERVISOR DE VIGILÂNCIA ARMADA – DIURNO | AH2: Legenda: | AI2: DIGITÁVEL
AI3: NÃO DIGITÁVEL
B5: Dados da empresa (Razão Social): | J5: ='II. PCFP Vigilante Diurno'!J5 -> ( ? ) | AD5: CNPJ: | AE5: ='II. PCFP Vigilante Diurno'!AE5 -> ( ? )
B7: Regime Tributário | J7: 3 | K7: =IF(J7=1,"Simples Nacional",IF(J7=2,"Lucro Real",IF(J7=3,"Lucro Presumido","Digite 1, 2 ou 3"))) -> Lucro Presumido | AB7: Processo SAP (APPA) nº | AE7: ='II. PCFP Vigilante Diurno'!AE7 -> 1000000303
B8: Fator divisão - Base Cálculo | J8: =1-AE137 -> 0.9135 | AB8: Licitação: Pregão Eletrônico nº | AE8: ='II. PCFP Vigilante Diurno'!AE8 -> 303/2025
B10: DISCRIMINAÇÃO DOS SERVIÇOS (DADOS REFERENTES À CONTRATAÇÃO)
B11: A | E11: Data de apresentação da proposta (dia/mês/ano) | AE11: ='II. PCFP Vigilante Diurno'!AE11 -> 46001
B12: B | E12: Município/UF | AE12: ='II. PCFP Vigilante Diurno'!AE12 -> Paranaguá/PR
B13: C | E13: Ano, Acordo, Convenção ou Sentença Normativa em Dissídio Coletivo | AD13: ='II. PCFP Vigilante Diurno'!AD13 -> CCT | AE13: ='II. PCFP Vigilante Diurno'!AE13 -> PR000353/2024
B14: D | E14: Nº de meses de execução contratual | AE14: ='II. PCFP Vigilante Diurno'!AE14 -> 30
B16: IDENTIFICAÇÃO DO SERVIÇO
B17: Tipo de Serviço | X17: Unidade de Medida | AE17: Quantidade (total) a contratar
B18: SUPERVISOR DE VIGILÂNCIA ARMADA – DIURNO | X18: Posto (empregado por posto de trabalho) | AE18: 2
B19: Produtividade / Quantidade | X19: Serviço / Posto de trabalho | AE19: 1
X20: Quantidade de empregados | AE20: =AE18*AE19 -> 2
X21: Jornada de Trabalho 12 x 36, marque um "X" | AE21: X
B23: MÃO-DE-OBRA VINCULADA À EXECUÇÃO CONTRATUAL | AE23: DESCRIÇÃO
B25: Dados complementares para composição dos custos referente à mão-de-obra
B26: 1 | E26: Tipo de serviço (mesmo serviço com características distintas) | AE26: =IF(B18="","",B18) -> SUPERVISOR DE VIGILÂNCIA ARMADA – DIURNO
B27: 2 | E27: Classificação Brasileira de Ocupações (CBO) | AE27: 5173-30
B28: 3 | E28: Salário normativo da categoria profissional (v. CCT) | AE28: 2626 | AG28: < Atualizar valor de acordo com a CCT vigente da categoria!
B29: 4 | E29: Categoria profissional (vinculada à execução contratual) | AE29: VIGILANTE
B30: 5 | E30: Data base da categoria (dia/mês/ano) | AE30: 45323
B31: 6 | E31: Salário mínimo vigente nacional | AE31: 1518 | AG31: < Atualizar valor de acordo com o mínimo nacional vigente!
B33: MÓDULO 1: COMPOSIÇÃO DA REMUNERAÇÃO
B35: 1 | E35: Descrição do Item | AE35: % | AF35: Valor (R$)
B36: A | E36: Salário Base (no mínimo o previsto na CCT vigente na data considerada) | AE36: =IF(AF36<AE28,"Salário Base insuficiente!","Salário Base atende a CCT.") -> Salário Base atende a CCT. | AF36: 3413.8 | AG36: < (Valor ilustrativo): Atualizar o salário base, não podendo ser inferior ao mínimo exigido pela CCT vigente da categoria!
B37: B | E37: Adicional de periculosidade (Informar o percentual aplicável, se for o caso, conforme CCT) | AE37: 0 | AF37: =ROUND(AF$36*AE37,2) -> 0 | AG37: < (Percentual ilustrativo): Atualizar o índice de acordo com a legislação vigente aplicável para a categoria!
B38: C | E38: Adicional de insalubridade (Informar o percentual aplicável, se for o caso) | AE38: 0 | AF38: =IF(AD38<>"",AE38*AF36,AE38*AE$31) -> 0
B39: D | E39: Adicional noturno | AE39: =IF(AF$36=0,"",AF39/AF$36) -> 0 | AF39: =IF(AD39="",0,ROUND((8*(7*4.345))*(((AF$36+AF$37)/220)*AD39)/2,2)) -> 0
B40: E | E40: Adicional de Hora Noturna Reduzida | AD40: =IF(AD39>0,"X","") | AE40: =IF(AF$36=0,"",AF40/AF$36) -> 0 | AF40: =IF(AD40="",0,ROUND((1*(7*4.345))*((AF$36+AF$37)/220)/2,2)) -> 0
B41: F | E41: Outros (especificar): | L41: (Verificar se haverá incidência de Gratificação por função ou se será incorporado ao salário base). | AE41: 0 | AF41: =ROUND(AF$36*AE41,2) -> 0 | AG41: < (Percentual ilustrativo): Atualizar o índice de acordo com a legislação vigente aplicável para a categoria!
B42: Total da Remuneração | AF42: =SUM(AF36:AF41) -> 3413.8
B44: MÓDULO 2: ENCARGOS E BENEFÍCIOS ANUAIS, MENSAIS E DIÁRIOS
B46: Submódulo 2.1 - 13º Salário, Férias e Adicional de Férias | AE46: VALORES
B47: 2.1 | E47: 13º Salário, Férias e Adicional de Férias | AE47: % | AF47: Valor (R$)
B48: A | E48: 13º Salário (1/12) | AE48: =1/12 -> 0.083333333 | AF48: =ROUND(AE48*AF$42,2) -> 284.48
B49: B | E49: Férias (1/12) e Adicional de Férias (1/36) | AE49: 0.121 | AF49: =ROUND(AE49*AF$42,2) -> 413.07
B50: Subtotal | AE50: =SUM(AE48:AE49) -> 0.20433333 | AF50: =SUM(AF48:AF49) -> 697.55
B52: Submódulo 2.2 - Encargos Previdenciários (GPS), Fundo de Garantia por Tempo de Serviço (FGTS) e outras contribuições. | AE52: Base cálculo (M 1 + SM 2.1) | AF52: =AF42+AF50 -> 4111.35
B53: 2.2 | E53: GPS, FGTS e outras contribuições | AE53: % | AF53: Valor (R$)
B54: A | E54: INSS | G54: (Empresa beneficiária da Desoneração da Folha - Substituído pela CPRB - Lei 13.670/2018) | AE54: =IF(AD54="",0.2,0) -> 0.2 | AF54: =ROUND(AE54*AF$52,2) -> 822.27 | AG54: < (Percentual meramente ilustrativo): Atualizar os índices % de acordo com a legislação vigente aplicável para a categoria!
B55: B | E55: Salário Educação | AE55: 0.025 | AF55: =ROUND(AE55*AF$52,2) -> 102.78
B56: C | E56: SAT - Seguro Acidente do Trabalho (RAT X FAP = RAT AJUSTADO) (Confirmar na GFIP) | AE56: 0.03 | AF56: =ROUND(AE56*AF$52,2) -> 123.34
B57: D | E57: SESC ou SESI | AE57: 0.015 | AF57: =ROUND(AE57*AF$52,2) -> 61.67
B58: E | E58: SENAI - SENAC | AE58: 0.01 | AF58: =ROUND(AE58*AF$52,2) -> 41.11
B59: F | E59: SEBRAE | AE59: 0.006 | AF59: =ROUND(AE59*AF$52,2) -> 24.67
B60: G | E60: INCRA | AE60: 0.002 | AF60: =ROUND(AE60*AF$52,2) -> 8.22
B61: H | E61: FGTS | AE61: 0.08 | AF61: =ROUND(AE61*AF$52,2) -> 328.91
B62: I | E62: Outros (especificar): | AF62: =ROUND(AE62*AF$52,2) -> 0
B63: Total | AE63: =SUM(AE54:AE62) -> 0.368 | AF63: =SUM(AF54:AF62) -> 1512.97
B65: Submódulo 2.3 - Benefícios Mensais e Diários | AE65: VALORES
B66: 2.3 | E66: Benefícios Mensais e Diários | AE66: - | AF66: Valor (R$)
B67: A | E67: Vale-transporte - Conforme a CCT (Qtde. de vale transporte por mês x Valor unitário do vale ) - Desconto da parte do empregado (6% do salário básico) | AD67: Qtde Vales/mês | AF67: =ROUND(IF((IF(AE67="",0,(((AE67*AE68)-(0.06*AF36)))))<0,0,IF(AE67="",0,(((AE67*AE68)-(0.06*AF36))))),2) -> 0 | AG67: << (Valores meramente ilustrativos): 1) Atualizar conforme vossa proposta. 2) Não poderá ser inferior ao mínimo exigido pela CCT vigente).
AD68: Preço do vale
B69: B | E69: Auxílio Refeição / alimentação (vales, cesta básica etc) - Conforme a CCT (Valor do vale alimentação mensal - Desconto parte empregado (ex: 20%)) | AD69: Valor mensal | AE69: =15*52.09 -> 781.35 | AF69: =ROUND(AE69-(AE69*AE70),2) -> 625.08
AD70: Desconto (%) | AE70: 0.2
B71: C | E71: Assistência médica e familiar - Conforme a CCT (Plano de saúde mensal - Desconto parte do empregado) | AE71: 0.4192 | AF71: 90
B72: D | E72: Intervalo Intrajornada (não usufruído pelo empregado) | AE72: X | AF72: =IF(OR(AE21="",AE72=""),0,ROUND((AF42/220*1.5)*(7*4.345)/2,2)) -> 353.97
B73: E | E73: Seguro de vida, invalidez e funeral (Valor do seguro de vida / Meses do ano) | AF73: 0
B74: H | E74: Outros: | H74: Contribuição Assistencial Patronal | AF74: 0
B75: Total de benefícios mensais e diários | AF75: =SUM(AF67:AF73) -> 1069.05
B77: Quadro-Resumo do Módulo 2 - Encargos e Benefícios anuais, mensais e diários | AE77: VALORES
B78: 2 | E78: Encargos e Benefícios anuais, mensais e diários | AE78: % | AF78: Valor
B79: 2.1 | E79: =E47 -> 13º Salário, Férias e Adicional de Férias | AE79: =IF(AF$42=0,"",AF79/AF$42) -> 0.20433242 | AF79: =AF50 -> 697.55
B80: 2.2 | E80: =E53 -> GPS, FGTS e outras contribuições | AE80: =IF(AF$42=0,"",AF80/AF$42) -> 0.44319234 | AF80: =AF63 -> 1512.97
B81: 2.3 | E81: =E66 -> Benefícios Mensais e Diários | AE81: =IF(AF$42=0,"",AF81/AF$42) -> 0.31315543 | AF81: =AF75 -> 1069.05
B82: Total | AE82: =IF(AF$42=0,"",AF82/AF$42) -> 0.96068018 | AF82: =SUM(AF79:AF81) -> 3279.57
B84: MÓDULO 3 - PROVISÃO PARA RESCISÃO
B86: 3 | E86: Provisão para Recisão (Alterado pela IN 07/2018) | AE86: % | AF86: Valor (R$)
B87: A | E87: Aviso Prévio Indenizado | AD87: 0.05 | AE87: =(1/12*$AD87) -> 0.0041666667 | AF87: =ROUND(AE87*AF42,2) -> 14.22
B88: B | E88: Incidência do FGTS sobre o Aviso Prévio Indenizado (8% x 7,46) | AE88: 0.08 | AF88: =ROUND(AF87*AE88,2) -> 1.14
B89: C | E89: Multa do FGTS e Contribuição Social sobre o Aviso Prévio Indenizado | AE89: =0.5*AD87*AE88 -> 0.002 | AF89: =ROUND(AF$42*AE89,2) -> 6.83
B90: D | E90: Aviso Prévio Trabalhado | AD90: =1-AD87 -> 0.95 | AE90: =7/30/12 -> 0.019444444 | AF90: =ROUND(AE90*AF42,2) -> 66.38
B91: E | E91: Incidência de GPS, FGTS e outras contribuições sobre o Aviso Prévio Trabalhado (36,8% x 34,74) | AE91: =AE63 -> 0.368 | AF91: =ROUND(AF90*AE63,2) -> 24.43
B92: F | E92: Multa do FGTS e Contribuição Social sobre o Aviso Prévio Trabalhado | AE92: =0.08*0.5*AD90 -> 0.038 | AF92: =ROUND(AE92*AF$42,2) -> 129.72
B93: Total | AE93: =IF(AF$42=0,"",AF93/AF$42) -> 0.071099654 | AF93: =SUM(AF87:AF92) -> 242.72
B95: MÓDULO 4 - CUSTO DE REPOSIÇÃO DO PROFISSIONAL AUSENTE
B97: Submódulo 4.1 - Substituto nas Ausências Legais | AE97: Base cálculo (M 1 + M 2 + M 3) | AF97: =AF42+AF82+AF93 -> 6936.09
B98: 4.1 | E98: Substituto nas Ausências legais | AD98: Ocorrência | AE98: % | AF98: Valor (R$)
B99: A | E99: Substituto na cobertura de Férias (provisionamente de 1/12 do valor dos módulos anteriores) | AD99: - | AE99: =((1+1/3)/12)/12 -> 0.0092592593 | AF99: =AE99*AF97 -> 64.223056
B100: B | E100: Substituto na cobertura de Ausências legais | AD100: 2 | AE100: =((AD100/30)/12) -> 0.0055555556 | AF100: =ROUND(AE100*AF$97,2) -> 38.53
B101: C | E101: Substituto na cobertura de Licença-Paternidade | AD101: 0.02 | AE101: =((20/30)/12)*AD101 -> 0.0011111111 | AF101: =ROUND(AE101*AF$97,2) -> 7.71
B102: D | E102: Substituto na cobertura de Ausência por acidente de trabalho | AD102: 0.08 | AE102: =((15/30)/12)*AD102 -> 0.0033333333 | AF102: =ROUND(AE102*AF$97,2) -> 23.12
B103: E | E103: Substituto na cobertura de Afastamento Maternidade | AD103: 0.03 | AE103: =((1+1/3)/12*AD103*((4/12))) -> 0.0011111111 | AF103: =ROUND(AE103*AF$97,2) -> 7.71
B104: F | E104: Substituto na cobertura de Outras ausências (cursos) | AE104: =((AD104/30)/12) -> 0 | AF104: =ROUND(AE104*AF$97,2) -> 0
B105: Subtotal | AE105: =SUM(AE99:AE104) -> 0.02037037 | AF105: =SUM(AF99:AF104) -> 141.29306
B107: Submódulo 4.2 - Substituto na Intrajornada | AE107: VALORES
B108: 4.2 | E108: Substituto na Intrajornada | AE108: % | AF108: Valor (R$)
B109: A | E109: Substituto na cobertura de Intervalo para repouso ou alimentação (Este item depende do Submódulo 2.3, D: ou um ou outro). | AF109: =IF(AE109="",0,ROUND(AF97/220*1*7*4.345/2,2)) -> 0
B110: Subtotal | AE110: - | AF110: =AF109 -> 0
B112: Quadro-Resumo do Módulo 4 - Custo de Reposição do Profissional Ausente | AE112: % | AF112: Valor (R$)
B113: 4.1 | E113: =E98 -> Substituto nas Ausências legais | AE113: =IF(AF$42=0,"",AF113/AF$42) -> 0.041388791 | AF113: =AF105 -> 141.29306
B114: 4.2 | E114: =E108 -> Substituto na Intrajornada | AE114: =IF(AF$42=0,"",AF114/AF$42) -> 0 | AF114: =AF110 -> 0
B115: Total | AE115: =SUM(AE113:AE114) -> 0.041388791 | AF115: =SUM(AF113:AF114) -> 141.29306
B117: MÓDULO 5: INSUMOS DIVERSOS
B119: 5 | E119: Insumos Diversos | AE119: % | AF119: Valor (R$)
B120: A | E120: CELULAR FUNCIONAL - (Valor mensal por profissional) - ("Item 5.1. a" do Termo de Referência)] | AE120: =IF(AF$42=0,"",AF120/AF$42) -> 0.00015256703 | AF120: ='VI. Insumos Diversos'!I92 -> 0.52083333
B121: B | E121: AUTOMÓVEL - (Valor mensal por profissional) - ("Item 5.1. b" do Termo de Referência) | AE121: =IF(AF$42=0,"",AF121/AF$42) -> 0.015256703 | AF121: ='VI. Insumos Diversos'!I93 -> 52.083333
B122: C | E122: MOTOCICLETAS - (Valor mensal por profissional) - [("Item 5.1. c" do Termo de Referência) | AE122: =IF(AF$42=0,"",AF122/AF$42) -> 0.0061026813 | AF122: ='VI. Insumos Diversos'!I94 -> 20.833333
...

Sheet V. PCFP Supervisor Noturno
B2: PCFP – SUPERVISOR DE VIGILÂNCIA ARMADA – NOTURNO | AH2: Legenda: | AI2: DIGITÁVEL
AI3: NÃO DIGITÁVEL
B5: Dados da empresa (Razão Social): | J5: ='II. PCFP Vigilante Diurno'!J5 -> ( ? ) | AD5: CNPJ: | AE5: ='II. PCFP Vigilante Diurno'!AE5 -> ( ? )
B7: Regime Tributário | J7: 3 | K7: =IF(J7=1,"Simples Nacional",IF(J7=2,"Lucro Real",IF(J7=3,"Lucro Presumido","Digite 1, 2 ou 3"))) -> Lucro Presumido | AB7: Processo SAP (APPA) nº | AE7: ='II. PCFP Vigilante Diurno'!AE7 -> 1000000303
B8: Fator divisão - Base Cálculo | J8: =1-AE137 -> 0.9135 | AB8: Licitação: Pregão Eletrônico nº | AE8: ='II. PCFP Vigilante Diurno'!AE8 -> 303/2025
B10: DISCRIMINAÇÃO DOS SERVIÇOS (DADOS REFERENTES À CONTRATAÇÃO)
B11: A | E11: Data de apresentação da proposta (dia/mês/ano) | AE11: ='II. PCFP Vigilante Diurno'!AE11 -> 46001
B12: B | E12: Município/UF | AE12: ='II. PCFP Vigilante Diurno'!AE12 -> Paranaguá/PR
B13: C | E13: Ano, Acordo, Convenção ou Sentença Normativa em Dissídio Coletivo | AD13: ='II. PCFP Vigilante Diurno'!AD13 -> CCT | AE13: ='II. PCFP Vigilante Diurno'!AE13 -> PR000353/2024
B14: D | E14: Nº de meses de execução contratual | AE14: ='II. PCFP Vigilante Diurno'!AE14 -> 30
B16: IDENTIFICAÇÃO DO SERVIÇO
B17: Tipo de Serviço | X17: Unidade de Medida | AE17: Quantidade (total) a contratar
B18: SUPERVISOR DE VIGILÂNCIA ARMADA – NOTURNO | X18: Posto (empregado por posto de trabalho) | AE18: 2
B19: Produtividade / Quantidade | X19: Serviço / Posto de trabalho | AE19: 1
X20: Quantidade de empregados | AE20: =AE18*AE19 -> 2
X21: Jornada de Trabalho 12 x 36, marque um "X" | AE21: X
B23: MÃO-DE-OBRA VINCULADA À EXECUÇÃO CONTRATUAL | AE23: DESCRIÇÃO
B25: Dados complementares para composição dos custos referente à mão-de-obra
B26: 1 | E26: Tipo de serviço (mesmo serviço com características distintas) | AE26: =IF(B18="","",B18) -> SUPERVISOR DE VIGILÂNCIA ARMADA – NOTURNO
B27: 2 | E27: Classificação Brasileira de Ocupações (CBO) | AE27: 5173-30
B28: 3 | E28: Salário normativo da categoria profissional (v. CCT) | AE28: 2626 | AG28: < Atualizar valor de acordo com a CCT vigente da categoria!
B29: 4 | E29: Categoria profissional (vinculada à execução contratual) | AE29: VIGILANTE
B30: 5 | E30: Data base da categoria (dia/mês/ano) | AE30: 45323
B31: 6 | E31: Salário mínimo vigente nacional | AE31: 1518 | AG31: < Atualizar valor de acordo com o mínimo nacional vigente!
B33: MÓDULO 1: COMPOSIÇÃO DA REMUNERAÇÃO
B35: 1 | E35: Descrição do Item | AE35: % | AF35: Valor (R$)
B36: A | E36: Salário Base (no mínimo o previsto na CCT vigente na data considerada) | AE36: =IF(AF36<AE28,"Salário Base insuficiente!","Salário Base atende a CCT.") -> Salário Base atende a CCT. | AF36: 3413.8 | AG36: < (Valor ilustrativo): Atualizar o salário base, não podendo ser inferior ao mínimo exigido pela CCT vigente da categoria!
B37: B | E37: Adicional de periculosidade (Informar o percentual aplicável, se for o caso, conforme CCT) | AE37: 0 | AF37: =ROUND(AF$36*AE37,2) -> 0 | AG37: < (Percentual ilustrativo): Atualizar o índice de acordo com a legislação vigente aplicável para a categoria!
B38: C | E38: Adicional de insalubridade (Informar o percentual aplicável, se for o caso) | AE38: 0 | AF38: =IF(AD38<>"",AE38*AF36,AE38*AE$31) -> 0
B39: D | E39: Adicional noturno | AD39: 0.2 | AE39: =IF(AF$36=0,"",AF39/AF$36) -> 0.11060109 | AF39: =IF(AD39="",0,ROUND((8*(7*4.345))*(((AF$36+AF$37)/220)*AD39)/2,2)) -> 377.57
B40: E | E40: Adicional de Hora Noturna Reduzida | AD40: =IF(AD39>0,"X","") -> X | AE40: =IF(AF$36=0,"",AF40/AF$36) -> 0.069125315 | AF40: =IF(AD40="",0,ROUND((1*(7*4.345))*((AF$36+AF$37)/220)/2,2)) -> 235.98
B41: F | E41: Outros (especificar): | L41: (Verificar se haverá incidência de Gratificação por função ou se será incorporado ao salário base). | AE41: 0 | AF41: =ROUND(AF$36*AE41,2) -> 0 | AG41: < (Percentual ilustrativo): Atualizar o índice de acordo com a legislação vigente aplicável para a categoria!
B42: Total da Remuneração | AF42: =SUM(AF36:AF41) -> 4027.35
B44: MÓDULO 2: ENCARGOS E BENEFÍCIOS ANUAIS, MENSAIS E DIÁRIOS
B46: Submódulo 2.1 - 13º Salário, Férias e Adicional de Férias | AE46: VALORES
B47: 2.1 | E47: 13º Salário, Férias e Adicional de Férias | AE47: % | AF47: Valor (R$)
B48: A | E48: 13º Salário (1/12) | AE48: =1/12 -> 0.083333333 | AF48: =ROUND(AE48*AF$42,2) -> 335.61
B49: B | E49: Férias (1/12) e Adicional de Férias (1/36) | AE49: 0.121 | AF49: =ROUND(AE49*AF$42,2) -> 487.31
B50: Subtotal | AE50: =SUM(AE48:AE49) -> 0.20433333 | AF50: =SUM(AF48:AF49) -> 822.92
B52: Submódulo 2.2 - Encargos Previdenciários (GPS), Fundo de Garantia por Tempo de Serviço (FGTS) e outras contribuições. | AE52: Base cálculo (M 1 + SM 2.1) | AF52: =AF42+AF50 -> 4850.27
B53: 2.2 | E53: GPS, FGTS e outras contribuições | AE53: % | AF53: Valor (R$)
B54: A | E54: INSS | G54: (Empresa beneficiária da Desoneração da Folha - Substituído pela CPRB - Lei 13.670/2018) | AE54: =IF(AD54="",0.2,0) -> 0.2 | AF54: =ROUND(AE54*AF$52,2) -> 970.05 | AG54: < (Percentual meramente ilustrativo): Atualizar os índices % de acordo com a legislação vigente aplicável para a categoria!
B55: B | E55: Salário Educação | AE55: 0.025 | AF55: =ROUND(AE55*AF$52,2) -> 121.26
B56: C | E56: SAT - Seguro Acidente do Trabalho (RAT X FAP = RAT AJUSTADO) (Confirmar na GFIP) | AE56: 0.03 | AF56: =ROUND(AE56*AF$52,2) -> 145.51
B57: D | E57: SESC ou SESI | AE57: 0.015 | AF57: =ROUND(AE57*AF$52,2) -> 72.75
B58: E | E58: SENAI - SENAC | AE58: 0.01 | AF58: =ROUND(AE58*AF$52,2) -> 48.5
B59: F | E59: SEBRAE | AE59: 0.006 | AF59: =ROUND(AE59*AF$52,2) -> 29.1
B60: G | E60: INCRA | AE60: 0.002 | AF60: =ROUND(AE60*AF$52,2) -> 9.7
B61: H | E61: FGTS | AE61: 0.08 | AF61: =ROUND(AE61*AF$52,2) -> 388.02
B62: I | E62: Outros (especificar): | AF62: =ROUND(AE62*AF$52,2) -> 0
B63: Total | AE63: =SUM(AE54:AE62) -> 0.368 | AF63: =SUM(AF54:AF62) -> 1784.89
B65: Submódulo 2.3 - Benefícios Mensais e Diários | AE65: VALORES
B66: 2.3 | E66: Benefícios Mensais e Diários | AE66: - | AF66: Valor (R$)
B67: A | E67: Vale-transporte - Conforme a CCT (Qtde. de vale transporte por mês x Valor unitário do vale ) - Desconto da parte do empregado (6% do salário básico) | AD67: Qtde Vales/mês | AF67: =ROUND(IF((IF(AE67="",0,(((AE67*AE68)-(0.06*AF36)))))<0,0,IF(AE67="",0,(((AE67*AE68)-(0.06*AF36))))),2) -> 0 | AG67: << (Valores meramente ilustrativos): 1) Atualizar conforme vossa proposta. 2) Não poderá ser inferior ao mínimo exigido pela CCT vigente).
AD68: Preço do vale
B69: B | E69: Auxílio Refeição / alimentação (vales, cesta básica etc) - Conforme a CCT (Valor do vale alimentação mensal - Desconto parte empregado (ex: 20%)) | AD69: Valor mensal | AE69: =15*52.09 -> 781.35 | AF69: =ROUND(AE69-(AE69*AE70),2) -> 625.08
AD70: Desconto (%) | AE70: 0.2
B71: C | E71: Assistência médica e familiar - Conforme a CCT (Plano de saúde mensal - Desconto parte do empregado) | AE71: 0.4192 | AF71: 90
B72: D | E72: Intervalo Intrajornada (não usufruído pelo empregado) | AE72: X | AF72: =IF(OR(AE21="",AE72=""),0,ROUND((AF42/220*1.5)*(7*4.345)/2,2)) -> 417.59
B73: E | E73: Seguro de vida, invalidez e funeral (Valor do seguro de vida / Meses do ano) | AF73: 0
B74: H | E74: Outros: | H74: Contribuição Assistencial Patronal | AF74: 0
B75: Total de benefícios mensais e diários | AF75: =SUM(AF67:AF73) -> 1132.67
B77: Quadro-Resumo do Módulo 2 - Encargos e Benefícios anuais, mensais e diários | AE77: VALORES
B78: 2 | E78: Encargos e Benefícios anuais, mensais e diários | AE78: % | AF78: Valor
B79: 2.1 | E79: =E47 -> 13º Salário, Férias e Adicional de Férias | AE79: =IF(AF$42=0,"",AF79/AF$42) -> 0.20433287 | AF79: =AF50 -> 822.92
B80: 2.2 | E80: =E53 -> GPS, FGTS e outras contribuições | AE80: =IF(AF$42=0,"",AF80/AF$42) -> 0.44319217 | AF80: =AF63 -> 1784.89
B81: 2.3 | E81: =E66 -> Benefícios Mensais e Diários | AE81: =IF(AF$42=0,"",AF81/AF$42) -> 0.28124449 | AF81: =AF75 -> 1132.67
B82: Total | AE82: =IF(AF$42=0,"",AF82/AF$42) -> 0.92876954 | AF82: =SUM(AF79:AF81) -> 3740.48
B84: MÓDULO 3 - PROVISÃO PARA RESCISÃO
B86: 3 | E86: Provisão para Recisão (Alterado pela IN 07/2018) | AE86: % | AF86: Valor (R$)
B87: A | E87: Aviso Prévio Indenizado | AD87: 0.05 | AE87: =(1/12*$AD87) -> 0.0041666667 | AF87: =ROUND(AE87*AF42,2) -> 16.78
B88: B | E88: Incidência do FGTS sobre o Aviso Prévio Indenizado (8% x 7,46) | AE88: 0.08 | AF88: =ROUND(AF87*AE88,2) -> 1.34
B89: C | E89: Multa do FGTS e Contribuição Social sobre o Aviso Prévio Indenizado | AE89: =0.5*AD87*AE88 -> 0.002 | AF89: =ROUND(AF$42*AE89,2) -> 8.05
B90: D | E90: Aviso Prévio Trabalhado | AD90: =1-AD87 -> 0.95 | AE90: =7/30/12 -> 0.019444444 | AF90: =ROUND(AE90*AF42,2) -> 78.31
B91: E | E91: Incidência de GPS, FGTS e outras contribuições sobre o Aviso Prévio Trabalhado (36,8% x 34,74) | AE91: =AE63 -> 0.368 | AF91: =ROUND(AF90*AE63,2) -> 28.82
B92: F | E92: Multa do FGTS e Contribuição Social sobre o Aviso Prévio Trabalhado | AE92: =0.08*0.5*AD90 -> 0.038 | AF92: =ROUND(AE92*AF$42,2) -> 153.04
B93: Total | AE93: =IF(AF$42=0,"",AF93/AF$42) -> 0.071098862 | AF93: =SUM(AF87:AF92) -> 286.34
B95: MÓDULO 4 - CUSTO DE REPOSIÇÃO DO PROFISSIONAL AUSENTE
B97: Submódulo 4.1 - Substituto nas Ausências Legais | AE97: Base cálculo (M 1 + M 2 + M 3) | AF97: =AF42+AF82+AF93 -> 8054.17
B98: 4.1 | E98: Substituto nas Ausências legais | AD98: Ocorrência | AE98: % | AF98: Valor (R$)
B99: A | E99: Substituto na cobertura de Férias (provisionamente de 1/12 do valor dos módulos anteriores) | AD99: - | AE99: =((1+1/3)/12)/12 -> 0.0092592593 | AF99: =AE99*AF97 -> 74.575648
B100: B | E100: Substituto na cobertura de Ausências legais | AD100: 2 | AE100: =((AD100/30)/12) -> 0.0055555556 | AF100: =ROUND(AE100*AF$97,2) -> 44.75
B101: C | E101: Substituto na cobertura de Licença-Paternidade | AD101: 0.02 | AE101: =((20/30)/12)*AD101 -> 0.0011111111 | AF101: =ROUND(AE101*AF$97,2) -> 8.95
B102: D | E102: Substituto na cobertura de Ausência por acidente de trabalho | AD102: 0.08 | AE102: =((15/30)/12)*AD102 -> 0.0033333333 | AF102: =ROUND(AE102*AF$97,2) -> 26.85
B103: E | E103: Substituto na cobertura de Afastamento Maternidade | AD103: 0.03 | AE103: =((1+1/3)/12*AD103*((4/12))) -> 0.0011111111 | AF103: =ROUND(AE103*AF$97,2) -> 8.95
B104: F | E104: Substituto na cobertura de Outras ausências (cursos) | AE104: =((AD104/30)/12) -> 0 | AF104: =ROUND(AE104*AF$97,2) -> 0
B105: Subtotal | AE105: =SUM(AE99:AE104) -> 0.02037037 | AF105: =SUM(AF99:AF104) -> 164.07565
B107: Submódulo 4.2 - Substituto na Intrajornada | AE107: VALORES
B108: 4.2 | E108: Substituto na Intrajornada | AE108: % | AF108: Valor (R$)
B109: A | E109: Substituto na cobertura de Intervalo para repouso ou alimentação (Este item depende do Submódulo 2.3, D: ou um ou outro). | AF109: =IF(AE109="",0,ROUND(AF97/220*1*7*4.345/2,2)) -> 0
B110: Subtotal | AE110: - | AF110: =AF109 -> 0
B112: Quadro-Resumo do Módulo 4 - Custo de Reposição do Profissional Ausente | AE112: % | AF112: Valor (R$)
B113: 4.1 | E113: =E98 -> Substituto nas Ausências legais | AE113: =IF(AF$42=0,"",AF113/AF$42) -> 0.04074035 | AF113: =AF105 -> 164.07565
B114: 4.2 | E114: =E108 -> Substituto na Intrajornada | AE114: =IF(AF$42=0,"",AF114/AF$42) -> 0 | AF114: =AF110 -> 0
B115: Total | AE115: =SUM(AE113:AE114) -> 0.04074035 | AF115: =SUM(AF113:AF114) -> 164.07565
B117: MÓDULO 5: INSUMOS DIVERSOS
B119: 5 | E119: Insumos Diversos | AE119: % | AF119: Valor (R$)
B120: A | E120: CELULAR FUNCIONAL - (Valor mensal por profissional) - ("Item 5.1. a" do Termo de Referência)] | AE120: =IF(AF$42=0,"",AF120/AF$42) -> 0.00012932408 | AF120: ='VI. Insumos Diversos'!I92 -> 0.52083333
B121: B | E121: AUTOMÓVEL - (Valor mensal por profissional) - ("Item 5.1. b" do Termo de Referência) | AE121: =IF(AF$42=0,"",AF121/AF$42) -> 0.012932408 | AF121: ='VI. Insumos Diversos'!I93 -> 52.083333
B122: C | E122: MOTOCICLETAS - (Valor mensal por profissional) - [("Item 5.1. c" do Termo de Referência) | AE122: =IF(AF$42=0,"",AF122/AF$42) -> 0.0051729632 | AF122: ='VI. Insumos Diversos'!I94 -> 20.833333
...

Sheet VI. Insumos Diversos
B2: ITENS A SEREM FORNECIDOS PELA CONTRATADA (Inclusos no Valor Global do Contrato - conforme "item 5" do Termo de Referência)
B5: DETALHAMENTO DO "MÓDULO 5: INSUMOS DIVERSOS"
B8: A | C8: CELULAR FUNCIONAL ("Item 5.1. a" do Termo de Referência)
B10: DESCRIÇÃO | D10: Fornecimento | E10: Quantidade | F10: Quantidade de Profissionais | G10: Tempo de Contrato (Meses de Amortização) | H10: Preço Unitário | I10: Valor Total | J10: Valor Mensal por Profissional
B12: Celular funcional: - com linha ativa | D12: Unidade | E12: 1 | F12: 128 | G12: 30 | H12: 2000 | I12: =E12*H12 -> 2000 | J12: =I12/G12/F12 -> 0.52083333
G13: Total Mensal Por Profissional | J13: =SUM(J12:J12) -> 0.52083333
B15: B | C15: AUTOMÓVEL ("Item 5.1. b" do Termo de Referência)
B17: DESCRIÇÃO | D17: Fornecimento | E17: Quantidade | F17: Quantidade de Profissionais | G17: Tempo de Contrato (Meses de Amortização) | H17: Preço Unitário (incluindo despesas) | I17: Valor Total | J17: Valor Mensal por Profissional
B19: Veículo automotor: I. Veículo automotor com potência mínima de 100 cv, 5 lugares, com as revisões obrigatórias pelo fabricante comprovadas, apresentação de laudo técnico atualizado e com inspeção veicular vigente, devidamente regularizado, em conformidade com a legislação e manutenção conforme fabricante; II. A média mensal de uso do veículo será de aproximadamente 3.000km/mês; III. Todos os custos de manutenção preventiva ou corretiva, obrigações fiscais e multas, ocorrerão sob responsabilidade única e exclusiva da CONTRATADA; IV. O veículo deverá ser adesivado com LOGOTIPO da CONTRATADA nas portas dianteiras e dispositivo sinalizador (giroflex) de cor amarela. V. O veículo deverá conter dispositivo de rastreamento com sistema de georreferenciamento, que permita identificar “dia, horário e local” que o SUPERVISOR realizou as rondas. | D19: Unidade | E19: 1 | F19: 128 | G19: 30 | H19: 200000 | I19: =E19*H19 -> 200000 | J19: =I19/G19/F19 -> 52.083333
G20: Total Mensal Por Profissional | J20: =SUM(J19:J19) -> 52.083333
B22: C | C22: MOTOCICLETAS ("Item 5.1. c" do Termo de Referência)
B24: DESCRIÇÃO | D24: Fornecimento | E24: Quantidade | F24: Quantidade de Profissionais | G24: Tempo de Contrato (Meses de Amortização) | H24: Preço Unitário | I24: Valor Total | J24: Valor Mensal por Profissional
B26: Motocicletas: I. Motocicleta mínimo 150cc, com as revisões obrigatórias pelo fabricante comprovadas, apresentação de laudo técnico atualizado e com inspeção veicular vigente, devidamente regularizada, em conformidade com a legislação e manutenção conforme fabricante; II. A média mensal de uso é de cerca de 2.000km; III. Todos os custos de manutenção preventiva ou corretiva, obrigações fiscais e multas, ocorrerão sob responsabilidade única e exclusiva da Contratada; IV. O veículo deverá ser adesivado com o logotipo da CONTRATADA em local visível, como o tanque ou a carenagem lateral, e dispositivo sinalizador (stroblo) de cor branca. V. O veículo deverá conter dispositivo de rastreamento com sistema de georreferenciamento, que permita identificar “dia, horário e local” que os VIGILANTES realizaram as rondas. | D26: Unidade | E26: 2 | F26: 128 | G26: 30 | H26: 40000 | I26: =E26*H26 -> 80000 | J26: =I26/G26/F26 -> 20.833333
G27: Total Mensal Por Profissional | J27: =SUM(J26:J26) -> 20.833333
B29: D | C29: POSTOS AVANÇADOS DE VIGILÂNCIA (GUARITA-CONTEINER) ("Item 5.1. d" do Termo de Referência)
B31: DESCRIÇÃO | D31: Fornecimento | E31: Quantidade | F31: Quantidade de Profissionais | G31: Tempo de Contrato (Meses de Amortização) | H31: Preço Unitário | I31: Valor Total | J31: Valor Mensal por Profissional
B33: Posto avançado (Guarita-container): I. Serão aceitos somente Guaritas com estrutura em CONTAINER com medidas aproximadas de 3,00 comprimento x 2,40m largura x 2,40m altura, contendo banheiro interno e Ar Condicionado. II. O container deverá ser estruturado com: Forro em PVC, piso cerâmico, 1 bancada 1,00m x 0,60cm, 1 Luminária linear interna, 1 janela de correr com medidas aproximadas 1,00m x 1,20m, 1 porta 2,10m x 0,90cm com fechadura externa, ar condicionado de 7.000 ou 9.000 BTUs (podendo ser do tipo JANELA), com tecnologia inverter instalado e pronto para devido funcionamento, 2 tomadas com aterramento, 1 interruptor com duas teclas, 1 luminária de led externa. III. O banheiro deverá conter: 1 vaso sanitário com caixa acoplada, 1 lavatório em louça com torneira, 1 janela padrão com boa ventilação, 1 luminária quadrada em led, 1 interruptor 1 tecla, medidas aproximadas do banheiro 1,15m comp. X 1,00m larg. X 2,40m alt.; IV. O container deverá conter a saída de elétrica e hidráulica para ligações na rede da (elétrica e hidráulica) da CONTRATANTE. Ou seja, toda a fiação e encanamento deverão estar aptos no momento da instalação da Portos do Paraná. V. Como serão destinados à ocupação de pessoas para fins profissionais, devem conter Laudo Técnico comprovando condições seguras, conforme a Portaria MTE nº 1.420/2024; VI. A CONTRATADA poderá subcontratar na modalidade locação para o devido fornecimento destas GUARITA-CONTEINERES durante o período de vigência do contrato. VII. As estruturas disponibilizadas pela CONTRATADA deverão ser retiradas em até 30 (trinta) dias após o término do contrato. | D33: Unidade | E33: 5 | F33: 128 | G33: 30 | H33: 45000 | I33: =E33*H33 -> 225000 | J33: =I33/G33/F33 -> 58.59375
G34: Total Mensal Por Profissional | J34: =SUM(J33:J33) -> 58.59375
B36: E | C36: DISPOSITIVOS DE SUPERVISOR ELETRÔNICO DE RONDA ("Item 5.1. e" do Termo de Referência)
B38: DESCRIÇÃO | D38: Fornecimento | E38: Quantidade (Kit Dispositivo) | F38: Quantidade de Profissionais | G38: Tempo de Contrato (Meses de Amortização) | H38: Preço Unitário | I38: Valor Total | J38: Valor Mensal por Profissional
B40: Dispositivo eletrônico de ronda: - Sistemas de controle de ronda que utilizam um bastão eletrônico e botões RFID para registrar a passagem do vigilante em pontos específicos de uma rota de segurança, garantindo que o percurso seja seguido corretamente. - I. Os dispositivos deverão permitir descarregar os dados nele contidos para emissão de relatórios mensais, a qualquer tempo, em que conste data, local e horário que o vigilante efetuou a ronda. II. Os dispositivos deverão ser instalados obrigatoriamente nos seguintes locais: PÁTIO DE TRIAGEM, PÍER PÚBLICO DE INFLAMÁVEIS e COMPLEXO PALÁCIO TAGUARÉ. *(Cada dispositivo deve contemplar no mínimo de 6 pontos de ronda) | D40: Unidade | E40: 3 | F40: 128 | G40: 30 | H40: 1000 | I40: =E40*H40 -> 3000 | J40: =I40/G40/F40 -> 0.78125
G41: Total Mensal Por Profissional | J41: =SUM(J40:J40) -> 0.78125
B43: F | C43: CAIXAS DE MANEJO DE ARMAMENTO (CAIXA DE AREIA) ("Item 5.1. f" do Termo de Referência)
B45: DESCRIÇÃO | D45: Fornecimento | E45: Quantidade | F45: Quantidade de Profissionais | G45: Tempo de Contrato (Meses de Amortização) | H45: Preço Unitário | I45: Valor Total | J45: Valor Mensal por Profissional
B47: Caixa de manejo de armamento: I. Chapas metálicas (4 mm espessura mínima) ou; II. MDF ou madeira maciça (18 mm espessura mínima); III. Medidas de 50 cm x 50cm x 80 cm; IV. Cor Preta; V. Com 50 cm de areia na parte superior. | D47: Unidade | E47: 12 | F47: 128 | G47: 30 | H47: 500 | I47: =E47*H47 -> 6000 | J47: =I47/G47/F47 -> 1.5625
G48: Total Mensal Por Profissional | J48: =SUM(J47:J47) -> 1.5625
B50: G | C50: Detectores de metais portáteis para uso de vigilantes em postos de serviços ("Item 5.1. g" do Termo de Referência)
B52: DESCRIÇÃO | D52: Fornecimento | E52: Quantidade | F52: Quantidade de Profissionais | G52: Tempo de Contrato (Meses de Amortização) | H52: Preço Unitário | I52: Valor Total | J52: Valor Mensal por Profissional
B54: Detector de metais portáteis: I. Formato: bastão ou espada; II. Possuir dimensões reduzidas, igual ou inferior a: comprimento 480mm, espessura 34mm e largura 120mm; III. Possuir peso reduzido, igual ou inferior a: 400 g (quatrocentos gramas); IV. Estrutura em plástico ABS injetado e resistente a quedas e intempéries; V. Capacidade de detectar metais magnéticos e não magnéticos, ferrosos e não ferrosos; VI. Ajuste digital de sensibilidade, com seleção de níveis; VII. Indicador visual de detector ligado, de bateria com carga baixa e de bateria descarregada; VIII. Indicador visual e sonoro de detecção; IX. Ativação de detecção silenciosa com indicação de detecção visual e por vibração; X. Não sofrer interferência de objetos metálicos próximos; XI. Conexão com rede de alimentação elétrica bivolt (110V/220V); XII. Acessórios integrantes: Cordão de punho e Carregador de baterias compatível com a bateria fornecida e sem necessidade de adaptações. | D54: Unidade | E54: 20 | F54: 128 | G54: 30 | H54: 500 | I54: =E54*H54 -> 10000 | J54: =I54/G54/F54 -> 2.6041667
G55: Total Mensal Por Profissional | J55: =SUM(J54:J54) -> 2.6041667
B57: H | C57: EQUIPAMENTOS DE PROTEÇÃO INDIVIDUAL – EPIs ("Item 5.2." do Termo de Referência)
B59: DESCRIÇÃO | D59: Fornecimento | E59: Quantidade de Fornecimento | F59: Quantidade de Profissionais | G59: Tempo de Contrato (Meses de Amortização) | H59: Preço Unitário | I59: Valor Total | J59: Valor Mensal por Profissional
B61: 1 | C61: Arma de Fogo (no mínimo calibre 38) | D61: Unidade | E61: 32 | F61: 128 | G61: 30 | H61: 6000 | I61: =E61*H61 -> 192000 | J61: =I61/G61/F61 -> 50
B62: 2 | C62: Munição (no mínimo calibre 38) | D62: Unidade | E62: =E61*6 -> 192 | F62: 128 | G62: 30 | H62: 3 | I62: =E62*H62 -> 576 | J62: =I62/G62/F62 -> 0.15
B63: 3 | C63: Coldre | D63: Unidade | E63: 128 | F63: 128 | G63: 30 | H63: 100 | I63: =E63*H63 -> 12800 | J63: =I63/G63/F63 -> 3.3333333
B64: 4 | C64: Colete balístico | D64: Unidade | E64: 128 | F64: 128 | G64: 30 | H64: 1000 | I64: =E64*H64 -> 128000 | J64: =I64/G64/F64 -> 33.333333
B65: 5 | C65: Par de algemas para imobilização | D65: Unidade | E65: 128 | F65: 128 | G65: 30 | H65: 100 | I65: =E65*H65 -> 12800 | J65: =I65/G65/F65 -> 3.3333333
B66: 6 | C66: Tonfa | D66: Unidade | E66: 128 | F66: 128 | G66: 30 | H66: 50 | I66: =E66*H66 -> 6400 | J66: =I66/G66/F66 -> 1.6666667
B67: 7 | C67: Apito de metal com cordão para fixação no uniforme | D67: Unidade | E67: 128 | F67: 128 | G67: 30 | H67: 20 | I67: =E67*H67 -> 2560 | J67: =I67/G67/F67 -> 0.66666667
B68: 8 | C68: Lanterna (com pilhas) | D68: Unidade | E68: 128 | F68: 128 | G68: 30 | H68: 20 | I68: =E68*H68 -> 2560 | J68: =I68/G68/F68 -> 0.66666667
B69: 9 | C69: Capa de Chuva | D69: Unidade | E69: 128 | F69: 128 | G69: 30 | H69: 50 | I69: =E69*H69 -> 6400 | J69: =I69/G69/F69 -> 1.6666667
B70: 10 | C70: Capacete de segurança | D70: Unidade | E70: 128 | F70: 128 | G70: 30 | H70: 20 | I70: =E70*H70 -> 2560 | J70: =I70/G70/F70 -> 0.66666667
B71: 11 | C71: Protetor auricular | D71: Unidade | E71: 128 | F71: 128 | G71: 30 | H71: 3 | I71: =E71*H71 -> 384 | J71: =I71/G71/F71 -> 0.1
B72: 12 | C72: Máscara de proteção (Antipoeira, com válvula) | D72: Unidade | E72: 128 | F72: 128 | G72: 30 | H72: 3 | I72: =E72*H72 -> 384 | J72: =I72/G72/F72 -> 0.1
G73: Total Mensal Por Profissional | J73: =SUM(J61:J72) -> 95.683333
B75: I | C75: UNIFORME COMPLETO (PARA TODOS OS FUNCIONÁRIOS) ("Item 5.3." do Termo de Referência)
B77: DESCRIÇÃO | D77: Fornecimento | E77: Quantidade Inicial a Fornecer | F77: Qtdes Subsequentes a cada 10 (dez) meses | G77: Qtde. Total Fornecimento para 30 (trinta) meses | H77: Preço Unitário | I77: Valor Total | J77: Valor Mensal por Profissional
B79: 1 | C79: Boné | D79: Unidade | E79: 1 | F79: 1 | G79: =E79+(F79*2) -> 3 | H79: 50 | I79: =G79*H79 -> 150 | J79: =I79/30 -> 5
B80: 2 | C80: Camisa (com logo contratada) | D80: Unidade | E80: 2 | F80: 2 | G80: =E80+(F80*2) -> 6 | H80: 50 | I80: =G80*H80 -> 300 | J80: =I80/30 -> 10
B81: 3 | C81: Camiseta (com logo contratada) | D81: Unidade | E81: 2 | F81: 2 | G81: =E81+(F81*2) -> 6 | H81: 50 | I81: =G81*H81 -> 300 | J81: =I81/30 -> 10
B82: 4 | C82: Jaqueta | D82: Unidade | E82: 1 | F82: 0 | G82: =E82+(F82*2) -> 1 | H82: 200 | I82: =G82*H82 -> 200 | J82: =I82/30 -> 6.6666667
B83: 5 | C83: Calça | D83: Unidade | E83: 2 | F83: 2 | G83: =E83+(F83*2) -> 6 | H83: 100 | I83: =G83*H83 -> 600 | J83: =I83/30 -> 20
B84: 6 | C84: Cinto | D84: Unidade | E84: 1 | F84: 1 | G84: =E84+(F84*2) -> 3 | H84: 50 | I84: =G84*H84 -> 150 | J84: =I84/30 -> 5
B85: 7 | C85: Meias | D85: Par | E85: 3 | F85: 3 | G85: =E85+(F85*2) -> 9 | H85: 20 | I85: =G85*H85 -> 180 | J85: =I85/30 -> 6
B86: 8 | C86: Bota ou Coturno (ambos com CA) | D86: Par | E86: 1 | F86: 1 | G86: =E86+(F86*2) -> 3 | H86: 200 | I86: =G86*H86 -> 600 | J86: =I86/30 -> 20
G87: Total Mensal Por Profissional | J87: =SUM(J79:J86) -> 82.666667
D89: QUADRO-RESUMO DOS ITENS A SEREM FORNECIDOS PELA CONTRATADA
D90: "Módulo 5 - Insumos Diversos" (valor por empregado)
D91: ITEM | E91: DESCRIÇÃO | I91: Valor (R$)
D92: A | E92: CELULAR FUNCIONAL ("Item 5.1. a" do Termo de Referência) | I92: =J13 -> 0.52083333
D93: B | E93: AUTOMÓVEL ("Item 5.1. b" do Termo de Referência) | I93: =J20 -> 52.083333
D94: C | E94: MOTOCICLETAS ("Item 5.1. c" do Termo de Referência) | I94: =J27 -> 20.833333
D95: D | E95: POSTOS AVANÇADOS DE VIGILÂNCIA (GUARITA-CONTEINER) ("Item 5.1. d" do Termo de Referência) | I95: =J34 -> 58.59375
D96: E | E96: DISPOSITIVOS DE SUPERVISOR ELETRÔNICO DE RONDA ("Item 5.1. e" do Termo de Referência) | I96: =J41 -> 0.78125
D97: F | E97: CAIXAS DE MANEJO DE ARMAMENTO (CAIXA DE AREIA) ("Item 5.1. f" do Termo de Referência) | I97: =J48 -> 1.5625
D98: G | E98: Detectores de metais portáteis para uso de vigilantes em postos de serviços ("Item 5.1. g" do Termo de Referência) | I98: =J55 -> 2.6041667
D99: H | E99: EQUIPAMENTOS DE PROTEÇÃO INDIVIDUAL – EPIs ("Item 5.2." do Termo de Referência) | I99: =J73 -> 95.683333
D100: I | E100: UNIFORME COMPLETO (PARA TODOS OS FUNCIONÁRIOS) ("Item 5.3." do Termo de Referência) | I100: =J87 -> 82.666667
D101: VALOR TOTAL POR EMPREGADO POR MÊS | I101: =SUM(I92:I100) -> 315.32917

Sheet VII. Quadro-Resumo PCFP
B2: ADMINISTRAÇÃO DOS PORTOS DE PARANAGUÁ E ANTONINA - APPA (PORTOS DO PARANÁ)
B4: ANEXO - PLANILHA DE CUSTOS E FORMAÇÃO DOS PREÇOS - PCFP
B6: SERVIÇO DE VIGILÂNCIA ARMADA, PELO PERÍODO DE 30 (TRINTA) MESES
B8: PLANILHA DE CUSTOS E FORMAÇÃO DE PREÇOS (PCFP) – VIGILÂNCIA ARMADA 24 HORAS
B11: Dados da empresa (Razão Social): | C11: ='II. PCFP Vigilante Diurno'!J5 -> ( ? ) | H11: CNPJ: | J11: ='II. PCFP Vigilante Diurno'!AE5 -> ( ? )
B13: DISCRIMINAÇÃO DOS SERVIÇOS (DADOS REFERENTES À CONTRATAÇÃO) | H13: Licitação: Pregão Eletrônico nº | J13: ='II. PCFP Vigilante Diurno'!AE8 -> 303/2025
B14: A | C14: Data de apresentação da proposta (dia/mês/ano) | E14: ='II. PCFP Vigilante Diurno'!AE11 -> 46001
B15: B | C15: Município/UF | E15: ='II. PCFP Vigilante Diurno'!AE12 -> Paranaguá/PR | H15: Processo SAP (APPA) nº | J15: ='II. PCFP Vigilante Diurno'!AE7 -> 1000000303
B16: C | C16: Ano, Acordo, Convenção ou Sentença Normativa em Dissídio Coletivo | D16: ='II. PCFP Vigilante Diurno'!AD13 -> CCT | E16: ='II. PCFP Vigilante Diurno'!AE13 -> PR000353/2024
B17: D | C17: Nº de meses de execução contratual | E17: ='II. PCFP Vigilante Diurno'!AE14 -> 30
B18: E | C18: DATA-BASE DA CATEGORIA | E18: ='II. PCFP Vigilante Diurno'!AE30 -> 45323
B20: QUADRO-RESUMO DA PROPOSTA
B21: TIPO DE SERVIÇO: | D21: VIGILANTE DIURNO | F21: VIGILANTE NOTURNO | H21: SUPERVISOR DIURNO | J21: SUPERVISOR NOTURNO
B22: Mão-de-obra vinculada à execução contratual (valor por empregado) | D22: % | E22: Valor (R$) | F22: % | G22: Valor (R$) | H22: % | I22: Valor (R$) | J22: % | K22: Valor (R$)
B23: A | C23: Módulo 1 - Composição da Remuneração | D23: ='II. PCFP Vigilante Diurno'!AE162 -> 1 | E23: ='II. PCFP Vigilante Diurno'!AF162 -> 2958.8 | F23: ='III. PCFP Vigilante Noturno'!AE162 -> 1 | G23: ='III. PCFP Vigilante Noturno'!AF162 -> 3490.57 | H23: ='IV. PCFP Supervisor Diurno'!AE162 -> 1 | I23: ='IV. PCFP Supervisor Diurno'!AF162 -> 3413.8 | J23: ='V. PCFP Supervisor Noturno'!AE162 -> 1 | K23: ='V. PCFP Supervisor Noturno'!AF162 -> 4027.35
B24: B | C24: Módulo 2 - Encargos Sociais e Trabalhistas | D24: ='II. PCFP Vigilante Diurno'!AE163 -> 0.99289239 | E24: ='II. PCFP Vigilante Diurno'!AF163 -> 2937.77 | F24: ='III. PCFP Vigilante Noturno'!AE163 -> 0.95607594 | G24: ='III. PCFP Vigilante Noturno'!AF163 -> 3337.25 | H24: ='IV. PCFP Supervisor Diurno'!AE163 -> 0.96068018 | I24: ='IV. PCFP Supervisor Diurno'!AF163 -> 3279.57 | J24: ='V. PCFP Supervisor Noturno'!AE163 -> 0.92876954 | K24: ='V. PCFP Supervisor Noturno'!AF163 -> 3740.48
B25: C | C25: Módulo 3 - Provisão para Recisão | D25: ='II. PCFP Vigilante Diurno'!AE164 -> 0.07109977 | E25: ='II. PCFP Vigilante Diurno'!AF164 -> 210.37 | F25: ='III. PCFP Vigilante Noturno'!AE164 -> 0.071097271 | G25: ='III. PCFP Vigilante Noturno'!AF164 -> 248.17 | H25: ='IV. PCFP Supervisor Diurno'!AE164 -> 0.071099654 | I25: ='IV. PCFP Supervisor Diurno'!AF164 -> 242.72 | J25: ='V. PCFP Supervisor Noturno'!AE164 -> 0.071098862 | K25: ='V. PCFP Supervisor Noturno'!AF164 -> 286.34
B26: D | C26: Módulo 4 - Custo de Reposição do Profissional Ausente | D26: ='II. PCFP Vigilante Diurno'!AE165 -> 0.042049392 | E26: ='II. PCFP Vigilante Diurno'!AF165 -> 124.41574 | F26: ='III. PCFP Vigilante Noturno'!AE165 -> 0.041293664 | G26: ='III. PCFP Vigilante Noturno'!AF165 -> 144.13843 | H26: ='IV. PCFP Supervisor Diurno'!AE165 -> 0.041388791 | I26: ='IV. PCFP Supervisor Diurno'!AF165 -> 141.29306 | J26: ='V. PCFP Supervisor Noturno'!AE165 -> 0.04074035 | K26: ='V. PCFP Supervisor Noturno'!AF165 -> 164.07565
B27: E | C27: Módulo 5 - Insumos Diversos (uniformes, materiais, equipamentos e outros) | D27: ='II. PCFP Vigilante Diurno'!AE166 -> 0.10657333 | E27: ='II. PCFP Vigilante Diurno'!AF166 -> 315.32917 | F27: ='III. PCFP Vigilante Noturno'!AE166 -> 0.090337442 | G27: ='III. PCFP Vigilante Noturno'!AF166 -> 315.32917 | H27: ='IV. PCFP Supervisor Diurno'!AE166 -> 0.092368963 | I27: ='IV. PCFP Supervisor Diurno'!AF166 -> 315.32917 | J27: ='V. PCFP Supervisor Noturno'!AE166 -> 0.078296936 | K27: ='V. PCFP Supervisor Noturno'!AF166 -> 315.32917
B28: Subtotal ( A + B + C + D + E) | D28: =SUM(D23:D27) -> 2.2126149 | E28: =SUM(E23:E27) -> 6546.6849 | F28: =SUM(F23:F27) -> 2.1588043 | G28: =SUM(G23:G27) -> 7535.4576 | H28: =SUM(H23:H27) -> 2.1655376 | I28: =SUM(I23:I27) -> 7392.7122 | J28: =SUM(J23:J27) -> 2.1189057 | K28: =SUM(K23:K27) -> 8533.5748
B29: F | C29: Módulo 6 - Custos Indiretos, Tributos e Lucro | D29: ='II. PCFP Vigilante Diurno'!AE168 -> 0.52917061 | E29: ='II. PCFP Vigilante Diurno'!AF168 -> 1565.71 | F29: ='III. PCFP Vigilante Noturno'!AE168 -> 0.5163025 | G29: ='III. PCFP Vigilante Noturno'!AF168 -> 1802.19 | H29: ='IV. PCFP Supervisor Diurno'!AE168 -> 0.51790966 | I29: ='IV. PCFP Supervisor Diurno'!AF168 -> 1768.04 | J29: ='V. PCFP Supervisor Noturno'!AE168 -> 0.50675755 | K29: ='V. PCFP Supervisor Noturno'!AF168 -> 2040.89
B30: VALOR TOTAL POR EMPREGADO POR MÊS | D30: =SUM(D25:D29) -> 2.961508 | E30: =E28+E29 -> 8112.3949 | F30: =SUM(F25:F29) -> 2.8778352 | G30: =G28+G29 -> 9337.6476 | H30: =SUM(H25:H29) -> 2.8883047 | I30: =I28+I29 -> 9160.7522 | J30: =SUM(J25:J29) -> 2.8157994 | K30: =K28+K29 -> 10574.465
B32: TIPO DE SERVIÇO: | D32: VIGILANTE DIURNO | F32: VIGILANTE NOTURNO | H32: SUPERVISOR DIURNO | J32: SUPERVISOR NOTURNO
B33: Mão-de-obra vinculada à execução contratual (Quantidade de empregados) | D33: Postos de Trabalho | E33: Empregados | F33: Postos de Trabalho | G33: Empregados | H33: Postos de Trabalho | I33: Empregados | J33: Postos de Trabalho | K33: Empregados
B34: G | C34: Quantidade de Empregados Requisitados para Contratação | D34: ='II. PCFP Vigilante Diurno'!AE19 -> 31 | E34: ='II. PCFP Vigilante Diurno'!AE20 -> 62 | F34: ='III. PCFP Vigilante Noturno'!AE19 -> 31 | G34: ='III. PCFP Vigilante Noturno'!AE20 -> 62 | H34: ='IV. PCFP Supervisor Diurno'!AE19 -> 1 | I34: ='IV. PCFP Supervisor Diurno'!AE20 -> 2 | J34: ='V. PCFP Supervisor Noturno'!AE19 -> 1 | K34: ='V. PCFP Supervisor Noturno'!AE20 -> 2
B35: VALOR TOTAL POR MÊS POR TIPO DE SERVIÇO | D35: =E34*E30 -> 502968.48 | F35: =G34*G30 -> 578934.15 | H35: =I34*I30 -> 18321.504 | J35: =K34*K30 -> 21148.93
B36: VALOR TOTAL ESTIMADO POR MÊS NA PROPOSTA: | D36: =SUM(D35:K35) -> 1121373.1

Sheet VIII. CCT VGT 2024-2026
B2: Convenção Coletiva de Trabalho (CCT)
B4: A Convenção Coletiva de Trabalho (CCT) de Vigilãncia está disponível no site do Sindicato das Empresas de Segurança Privada do Paraná - SINDESP, no link: https://www.sindesp-pr.org.br/convencoes
